 Dungeon Crawl Stone Soup version 0.21-a0-498-g1b60429 (webtiles) character file.

499493 tidbits the Gnoll Aeon (level 24, -1/169 (171) HPs)
             Began as a Gnoll Skald on Oct 23, 2017.
             Was the Champion of Cheibriados.
             Succumbed to poison (dark miasma)
             ... on level 3 of the Tomb of the Ancients on Nov 24, 2017.
             The game lasted 06:51:42 (15595 turns).

tidbits the Gnoll Aeon (Gnoll Skald)               Turns: 15595, Time: 06:51:42

HP:   -1/169 (171)  AC: 35    Str: 37    XL:     24   Next: 53%
MP:   22/43         EV: 25    Int: 38    God:    Cheibriados [******]
Gold: 1881          SH: 28    Dex: 35    Spells: 3/55 levels left

rFire    + + .     SeeInvis .   a - +7 war axe (elec)
rCold    . . .     Gourm    .   D - +3 large shield {AC+3}
rNeg     . . .     Faith    .   B - +7 plate armour "Deapsec" {Str+4 Slay+3}
rPois    +         Spirit   .   (helmet restricted)
rElec    .         Reflect  .   C - +0 cloak of the Sunfish {rPois}
rCorr    .         Harm     .   G - +2 pair of gloves {Dex+3}
MR       +....                  F - +1 pair of boots
Stlth    +++.......             Z - amulet of magic regeneration
HPRegen  0.38/turn              s - ring "Miread" {*Drain rF+ Slay+6, =R}
MPRegen  0.53/turn              Y - ring "Jete" {rF+ Slay+4}

@: lethally poisoned (-1 -> -22), singing, very slightly contaminated, slowed,
deflect missiles, very slow
A: distributed training, fangs 1, hooves 1, horns 1, frail 1, strong 1, subdued
magic 1, strong nose
}: 4/15 runes: decaying, slimy, silver, gossamer
a: Bend Time, Temporal Distortion, Slouch, Step From Time, Renounce Religion


You were on level 3 of the Tomb of the Ancients.
You worshipped Cheibriados.
Cheibriados was exalted by your worship.
You were very full.

You visited 10 branches of the dungeon, and saw 50 of its levels.
You also visited: Labyrinth, Sewer, Bailey, Ice Cave and Wizlab.

You collected 5918 gold pieces.
You spent 4037 gold pieces at shops.

Inventory:

Hand Weapons
 a - a +7 war axe of electrocution (weapon)
   (You subdued it on level 2 of the Elven Halls)
 b - the +10 morningstar "Vuoxuid" {venom, *Corrode rElec rPois}
   (You found it on level 5 of the Pits of Slime)

   It poisons the flesh of those it strikes.
   It insulates you from electricity.
   It protects you from poison.
   It may corrode you when you take damage.
Missiles
 c - 36 tomahawks of returning (quivered)
 O - 927 arrows
 P - 4 throwing nets {!f}
Armour
 t - the +6 scale mail of the Unseen Realm {Regen+ Str-4 Dex+8 Stlth+}
   (You found it on level 5 of the Vaults)

   It affects your strength (-4).
   It affects your dexterity (+8).
   It increases your rate of regeneration.
   It makes you more stealthy.
 B - the +7 plate armour "Deapsec" (worn) {Str+4 Slay+3}
   (You found it on level 12 of the Dungeon)

   It affects your strength (+4).
   It affects your accuracy and damage with ranged weapons and melee attacks
   (+3).
 C - the +0 cloak of the Sunfish (worn) {rPois}
   (You found it in a bailey)

   It protects you from poison.
 D - a +3 large shield of protection (worn)
   (You took it off a minotaur in a labyrinth)
 F - a +1 pair of boots (worn)
 G - a +2 pair of gloves of dexterity (worn)
   (You found it on level 3 of the Elven Halls)
Magical Staves
 w - an uncursed staff of wizardry {!a}
   (You found it on level 5 of the Pits of Slime)
Jewellery
 s - the ring "Miread" (left hand) {*Drain rF+ Slay+6, =R}
   (You found it in a labyrinth)

   [ring of protection from fire]

   It affects your accuracy and damage with ranged weapons and melee attacks
   (+6).
   It protects you from fire.
   It causes draining when unequipped.
 I - the ring of Gozag's Condemnation {Str+6 SInv}
   (You found it on level 15 of the Dungeon)

   [ring of see invisible]

   It affects your strength (+6).
   It lets you see invisible.
 W - the ring of the Mage {Wiz MR++ Int+3}
   (You bought it in a shop on level 3 of the Elven Halls)

   [ring of wizardry]

   It improves your spell success rate.
   It affects your intelligence (+3).
   It affects your resistance to hostile enchantments.
 Y - the ring "Jete" (right hand) {rF+ Slay+4}
   (You found it on level 3 of the Elven Halls)

   [ring of slaying]

   It affects your accuracy and damage with ranged weapons and melee attacks
   (+4).
   It protects you from fire.
 Z - an amulet of magic regeneration (around neck)
   (You found it on level 6 of the Lair of Beasts)
Wands
 n - a wand of iceblast (15)
 p - a wand of acid (6)
 u - a wand of enslavement (5)
 v - a wand of paralysis (10)
 N - a wand of digging (10)
Scrolls
 e - 4 scrolls of fear
 g - 2 scrolls of silence
 i - 2 scrolls of identify
 r - 12 scrolls of remove curse
 x - a scroll of blinking
 y - 9 scrolls of teleportation
 L - 4 scrolls of immolation
 V - 4 scrolls of summoning
Potions
 f - 16 potions of mutation {!q}
 j - 15 potions of curing
 m - 4 potions of magic
 A - 7 potions of ambrosia
 H - 10 potions of heal wounds
 J - 4 potions of might
 M - 3 potions of flight
 Q - 13 potions of brilliance
Books
 k - a book of Unlife
   (You found it on level 3 of the Elven Halls)

   Spells                             Type                      Level
   a - Recall                         Summoning/Translocation      3
   b - Animate Dead                   Necromancy                   4
   c - Control Undead                 Necromancy                   4
   d - Cigotuvi's Embrace             Necromancy                   5
   e - Death Channel                  Necromancy                   6
   f - Simulacrum                     Ice/Necromancy               6
Miscellaneous
 l - a box of beasts
 z - a lightning rod (4/4)
 E - a phial of floods
 S - 4 sacks of spiders
 X - a lamp of fire
Comestibles
 d - 16 bread rations
 h - a meat ration


   Skills:
 + Level 16.0 Fighting
 + Level 15.5 Short Blades
 + Level 15.5 Long Blades
 + Level 16.0 Axes
 + Level 15.5 Maces & Flails
 + Level 15.5 Polearms
 + Level 15.5 Staves
 + Level 15.5 Slings
 + Level 15.5 Bows
 + Level 15.5 Crossbows
 + Level 15.5 Throwing
 + Level 15.7 Armour
 + Level 16.0 Dodging
 + Level 15.5 Stealth
 + Level 15.5 Shields
 + Level 15.5 Unarmed Combat
 + Level 16.1 Spellcasting
 + Level 13.4 Conjurations
 + Level 13.4 Hexes
 + Level 14.2 Charms
 + Level 13.4 Summonings
 + Level 13.4 Necromancy
 + Level 13.4 Translocations
 + Level 13.4 Transmutations
 + Level 13.4 Fire Magic
 + Level 13.4 Ice Magic
 + Level 13.4 Air Magic
 + Level 13.4 Earth Magic
 + Level 13.4 Poison Magic
 + Level 16.7 Invocations
 + Level 15.5 Evocations


You had 3 spell levels left.
You knew the following spells:

 Your Spells              Type           Power        Failure   Level  Hunger
a - Apportation           Tloc           ######       1%          1    None
h - Blade Hands           Tmut           #######...   1%          5    None
k - Sticks to Snakes      Tmut           #######.     1%          2    None
m - Bolt of Magma         Conj/Fire/Erth #######...   1%          5    None
n - Animate Skeleton      Necr           N/A          1%          1    None
p - Passage of Golubria   Tloc           N/A          1%          4    None
r - Regeneration          Chrm/Necr      #######...   1%          3    None
s - Statue Form           Tmut/Erth      #######..    7%          6    None
u - Control Undead        Necr           #######...   1%          4    None
w - Spectral Weapon       Hex/Chrm       #######.     1%          3    None
y - Song of Slaying       Chrm           #######.     1%          2    None
M - Deflect Missiles      Chrm/Air       #######...   5%          6    None
N - Animate Dead          Necr           N/A          1%          4    None
P - Summon Butterflies    Summ           #######.     1%          1    None
R - Irradiate             Conj/Tmut      #######...   1%          5    None


Dungeon Overview and Level Annotations

Branches:
Dungeon (15/15)              Lair (6/6) D:11          Swamp (4/4) Lair:4
 Spider (4/4) Lair:3        Slime (5/5) Lair:6          Orc (2/2) D:11
    Elf (3/3) Orc:2        Vaults (5/5) D:13          Crypt (3/3) Vaults:3
   Tomb (3/3) Crypt:3
 Temple: D:4-7       Depths: D:15

Altars:
Ashenzari
Cheibriados
Dithmenos
Fedhas
Gozag
Kikubaaqudgha
Nemelex Xobeh
Okawaru
Sif Muna
Trog
Vehumet
Zin
Beogh
Jiyva

Shops:
D:10 (}[=%   Orc:2 }(}?   Elf:1 ?   Elf:3 !=   Vaults:5 %%!!%!?

Annotations:
Lair:4 swamp


Innate Abilities, Weirdness & Mutations

Your experience applies equally to all skills.
You have very sharp teeth.
Your uncanny sense of smell can sniff out nearby items.
You have large cloven feet.
You have a pair of small horns on your head.
You are frail. (-10% HP)
Your muscles are strong. (Str +2)
Your spells are a little easier to cast, but a little less powerful.


Message History

Your guardian mummy hits the mummy priest!!
The mummy priest is destroyed!
Cheibriados appreciates the change of pace.
You feel extremely nervous for a moment...
Pain shoots through your body!
* * * LOW HITPOINT WARNING * * *
The hungry ghost disappears in a puff of smoke!
The phantasmal warrior disappears in a puff of smoke!
Your flying skull disappears in a puff of smoke!
Your mummy hits the spectral six-headed hydra.
You block the flying skull's attack.
The greater mummy barely misses your guardian mummy.
Your death scarab barely misses the phantasmal warrior.
The greater mummy calls on the powers of darkness!
The bennu convulses!
Your body is wracked with pain!
* * * LOW HITPOINT WARNING * * *
A mummy, a guardian mummy, a mummy priest and a bennu come into view.
Blink to where?
Press: ? - help, Dir - move target cursor You are very lightly contaminated with residual magic.
As you read the scroll of blinking, it crumbles to dust.
You found a blade trap! x2
You revert to your normal fleshy form.
Your +2 pair of gloves of dexterity unmelds from your body.
Your +1 pair of boots unmelds from your body.
The +7 plate armour "Deapsec" {Str+4 Slay+3} unmelds from your body.
You feel agile.
Cheibriados thoroughly appreciates the change of pace.
You feel a bit more experienced.
Your flying skull misses the death scarab.
Cheibriados thoroughly appreciates the change of pace.
You feel extremely nervous for a moment...
You smell decay.
You feel a bit more experienced.
An ushabti comes into view.
The ushabti shakes and rattles.
The vile air hits you!
* * * LOW HITPOINT WARNING * * *
Your flying skull hits the phantasmal warrior.
Found eight items.
A guardian mummy comes into view.
Unknown command.
Casting: Animate Dead
Confirm with . or Enter, or press ? or * to list all spells.
Your death scarab submits to your will.
The death scarab resists with some effort.
The phantasmal warrior resists with some effort.
Your guardian mummy submits to your will.
Your mummy submits to your will.
Your flying skull submits to your will. x2
You are engulfed in dark miasma.
You are poisoned.
* * * LOW HITPOINT WARNING * * *
You feel sick.
Your flying skull barely misses the phantasmal warrior.
The death scarab bites your flying skull!
The death scarab drains your flying skull's vigour!
Your flying skull seems to slow down.
A huge blade swings out and slices into your flying skull!
Your flying skull is almost destroyed.
The ushabti shakes and rattles.
The vile air hits your flying skull.
Your flying skull is destroyed!
Cheibriados appreciates the change of pace.
The vile air hits your death scarab.
Your flying skull completely misses the phantasmal warrior.
The power of Zot is invoked against your flying skull!
Your flying skull is devoured by a tear in reality.
You feel better.
You are engulfed in dark miasma.
You are poisoned.
You feel your flesh rotting away!
* * * LOW HITPOINT WARNING * * *
You feel sick.
The death scarab is no longer moving slowly.
The phantasmal warrior is no longer moving slowly.
Your death scarab zombie bites the ushabti!
Your death scarab zombie bites the ushabti.
The ushabti shakes and rattles deafeningly!
Your death scarab zombie bites the ushabti but does no damage.
You block the death scarab's attack.
The phantasmal warrior blinks!
Casting: Control Undead
Confirm with . or Enter, or press ? or * to list all spells.
The death scarab resists with some effort.
The phantasmal warrior resists with some effort.
You are engulfed in dark miasma.
* * * LOW HITPOINT WARNING * * *
You feel sick. You block the death scarab's attack.
Your death scarab barely misses the ushabti.
Your death scarab zombie bites the ushabti!
You hear a distant "Zot"!
Your death scarab zombie bites the ushabti!!
The ushabti is destroyed!
Cheibriados appreciates the change of pace.
Your death scarab zombie is smitten.
The death scarab bites your mummy.
Your mummy closely misses the death scarab.
The phantasmal warrior blinks!
Okay, then.
You are engulfed in dark miasma.
You are lethally poisoned!
You feel your flesh rotting away!
* * * LOW HITPOINT WARNING * * *
You die... ##+## #....# ......# .......## .......@# Mb..8ZMZ. .....W^.^# MMZ.3.WM#

........§§##..bZ.s#
$....^.s..##Z)ZM..#
$$[M...M§z.#ZZsZ..#
[$$......ZZ#Zs∆.M.#
}:$$?......s.Wzs..+
=}$$.......#..4...#
#..^.[.#


You could see a phantasmal warrior, a death scarab, a friendly guardian mummy, a
friendly death scarab, a friendly flying skull, a friendly mummy and 2 friendly
death scarab zombies.

Vanquished Creatures
  the Royal Jelly (Slime:5)
  13 greater mummies (Tomb:1)
  Bai Suzhen (Vaults:3)
  4 golden dragons (Vaults:5)
  Jory (Tomb:1)
  A mutant beast (WizLab)
  Arachne (Spider:4)
  Jorgrun (Vaults:3)
  3 tentacled monstrosities (Vaults:5)
  2 liches
  Rupert (Spider:1)
  4 deep elf blademasters (Elf:3)
  2 titans (Vaults:5)
  2 deep elf master archers (Elf:3)
  12 acid blobs
  9 sphinxes
  3 storm dragons
  2 ancient champions
  A thorn hunter (Swamp:4)
  3 shadow dragons (Vaults:5)
  5 tengu reavers
  6 azure jellies (Slime:5)
  4 fire giants
  The ghost of theanonym the Devastator, an adept DEIE of Sif Muna (Spider:3)
  7 deep elf sorcerers
  3 ghost moths
  8 emperor scorpions
  14 vault wardens
  5 frost giants
  A deep elf elementalist (Elf:3)
  6 very ugly things
  A war gargoyle (Vaults:5)
  3 entropy weavers
  8 ironheart preservers
  14 stone giants
  5 vampire knights
  7 deep elf demonologists
  A spark wasp (Spider:2)
  6 deep elf annihilators
  13 deep elf death magi
  6 death oozes (Slime:5)
  3 eidola (Crypt:3)
  5 ettins (Vaults:5)
  2 fire dragons
  2 mummy priests (Tomb:1)
  A minotaur (Lab)
  2 yaktaur captains (Vaults:5)
  Josephine (Lair:6)
  2 great orbs of eyes
  8 jiangshi
  The ghost of Kavrick the Cleaver, a journeyman HOFi of Qazlal (IceCv)
  6 deep elf high priests
  27 vault guards
  A rakshasa (D:15)
  Erolcha (Orc:2)
  An ice dragon (Vaults:3)
  A ghost crab (Swamp:1)
  28 hydras
  Erica (D:9)
  3 centaur warriors
  14 two-headed ogres
  7 ogre magi
  30 dancing weapons
  18 death scarabs (Tomb:3)
  A death yak (IceCv)
  A deep troll shaman (Vaults:3)
  An orc high priest (Elf:2)
  2 vampire magi
  Urug (Orc:1)
  An iron golem (WizLab)
  Nergalle (Orc:2)
  4 large abominations
  21 deep elf knights
  A soul eater (Crypt:1)
  Sonja (D:11)
  2 fire crabs (shapeshifter)
  2 flayed ghosts
  6 skeletal warriors
  An unseen horror (D:14)
  An entropy weaver zombie (Crypt:3)
  15 deep elf archers
  A glowing orange brain (Vaults:3)
  3 deep trolls (Vaults:3)
  A death drake (shapeshifter) (Vaults:1)
  A lindwurm (shapeshifter) (WizLab)
  An unseen horror (shapeshifter) (WizLab)
  9 swamp dragons
  7 phantasmal warriors
  A sphinx zombie (Crypt:3)
  5 harpies
  4 shambling mangroves
  77 deep elf magi
  12 ironbrand convokers
  4 harpies (shapeshifter)
  3 shining eyes (Slime:5)
  9 orb spiders
  26 wolf spiders
  4 oklob plants (Lair:4)
  6 orc sorcerers
  17 orc knights
  A frost giant zombie (Crypt:2)
  A manticore (D:14)
  A cyclops (shapeshifter) (WizLab)
  26 ugly things
  5 cyclopes
  A salamander (shapeshifter) (WizLab)
  A moth of wrath (shapeshifter) (Vaults:5)
  An elephant (shapeshifter) (Vaults:5)
  A centaur zombie (D:11)
  2 ice statues
  12 elephants
  A black mamba (Lair:5)
  A guardian serpent (shapeshifter) (WizLab)
  13 vault sentinels
  6 spiny frogs
  A gargoyle (D:14)
  A yellow draconian zombie (Crypt:1)
  5 komodo dragons
  5 freezing wraiths
  A rime drake (shapeshifter) (WizLab)
  2 rime drakes
  A white draconian skeleton (Crypt:3)
  17 yaktaurs
  18 guardian mummies
  13 demonic crawlers
  An ice devil (Lair:6)
  8 trolls
  23 polar bears
  A merfolk (D:14)
  A tyrant leech (Swamp:4)
  A merfolk (shapeshifter) (WizLab)
  3 polar bears (shapeshifter) (WizLab)
  2 wind drakes (shapeshifter) (WizLab)
  A troll (shapeshifter) (Elf:3)
  2 meliai (shapeshifter) (WizLab)
  36 slime creatures
  24 jumping spiders
  A hornet (shapeshifter) (WizLab)
  A harpy skeleton (D:15)
  6 bog bodies
  28 hornets
  11 hippogriffs
  A blink frog (shapeshifter) (WizLab)
  3 dream sheep (Lair:6)
  6 blink frogs (Lair:6)
  A stone giant simulacrum (Tomb:1)
  60 redbacks
  A black mamba zombie (Crypt:3)
  A tarantella (shapeshifter) (WizLab)
  2 water elementals (Elf:1)
  17 spriggans
  32 tarantellas
  9 flying skulls
  A redback (shapeshifter) (WizLab)
  An ushabti (Tomb:1)
  A shadow (Swamp:4)
  4 air elementals
  52 yaks
  A wyvern (Lair:6)
  4 fire elementals
  A black mamba skeleton (Crypt:3)
  4 wraiths (Lair:6)
  A golden eye (Slime:5)
  22 vampire mosquitoes
  A golden eye (shapeshifter) (WizLab)
  4 hungry ghosts
  Grum (D:11)
  5 wargs
  A swamp worm (shapeshifter) (WizLab)
  9 swamp worms
  4 acid dragons
  2 hell hounds (D:11)
  5 floating eyes
  6 water moccasins
  A gelid demonspawn skeleton (Crypt:1)
  3 porcupines
  41 orc warriors
  A sky beast (shapeshifter) (WizLab)
  4 sky beasts
  An infernal demonspawn skeleton (Crypt:2)
  21 ice beasts
  7 black bears
  8 swamp drakes
  A black bear (shapeshifter) (WizLab)
  16 ogres
  A phantom (D:11)
  5 boggarts
  2 ogres (shapeshifter)
  An eye of draining (shapeshifter) (WizLab)
  25 centaurs
  2 eyes of draining
  A necrophage (D:13)
  54 wolves
  8 crocodiles
  6 small abominations (WizLab)
  5 big kobolds
  13 bullfrogs
  An earth elemental (Elf:1)
  A wyvern zombie (D:10)
  2 scorpions
  15 wights
  9 killer bees
  A howler monkey (D:9)
  7 crimson imps
  A bullfrog zombie (D:11)
  4 quasits
  4 jellies
  38 orc wizards
  A hound (D:7)
  23 orc priests
  4 bullfrog skeletons
  2 centaur skeletons
  3 iguanas
  6 worker ants
  2 hound skeletons
  A howler monkey zombie (D:10)
  3 mummies
  11 gnolls
  A worker ant zombie (D:6)
  13 adders
  2 shadow imps
  A white imp (Lair:6)
  5 oozes
  3 adder zombies
  3 worms
  3 dart slugs
  5 leopard geckos
  104 orcs
  8 bats
  7 giant cockroaches
  11 goblins
  9 hobgoblins
  36 kobolds
  2 quokkas
  3 ball pythons (Sewer)
  6 frilled lizards
  2 jackal skeletons
  A quokka skeleton (D:5)
  11 rats
  6 briar patches (Swamp:4)
  4 crawling corpses
  A fungus (Lair:6)
  9 spectral weapons
1781 creatures vanquished.

Vanquished Creatures (collateral kills)
  An ancient lich (Tomb:3)
  A lich (Tomb:2)
  2 ancient champions (Tomb:3)
  An azure jelly (Slime:5)
  An eidolon (Crypt:3)
  3 mummy priests
  A yaktaur captain (Vaults:5)
  An ogre mage (Orc:2)
  A two-headed ogre (Vaults:5)
  A dancing weapon (Vaults:5)
  18 death scarabs
  A shadow wraith (Crypt:3)
  2 skeletal warriors
  An ironbrand convoker (Vaults:5)
  A deep elf archer (Vaults:5)
  2 orb spiders (Spider:4)
  5 wolf spiders
  A deep elf mage (Vaults:5)
  A moth of wrath (Spider:4)
  9 demonic crawlers
  4 guardian mummies
  3 jumping spiders
  6 hornets
  2 flying skulls (Tomb:1)
  A spriggan (shapeshifter) (Vaults:5)
  5 redbacks
  5 tarantellas
  An ushabti (Tomb:3)
  A vampire mosquito (Swamp:4)
  An orc warrior (Orc:2)
  A crocodile (Lair:6)
  An electric eel (Lair:6)
  2 mummies
87 creatures vanquished.

Vanquished Creatures (others)
  An orc warlord (Orc:2)
  13 death scarabs
  A yaktaur (D:13)
  A hornet (Swamp:4)
  7 flying skulls
  A tarantella (Spider:4)
  A spriggan (Swamp:4)
  A centaur (D:14)
  An orc wizard (Orc:2)
  A fungus (Lair:6)
  4 plants
  45 spectral weapons
77 creatures vanquished.

Grand Total: 1945 creatures vanquished

Notes
Turn   | Place    | Note
-------+----------+-------------------------------------------
     0 | D:1      | tidbits the Gnoll Skald began the quest for the Orb.
     0 | D:1      | Reached XP level 1. HP: 20/20 MP: 6/6
    38 | D:1      | Reached XP level 2. HP: 19/26 MP: 0/7
    42 | D:1      | Learned a level 2 spell: Song of Slaying
    45 | D:1      | Learned a level 2 spell: Shroud of Golubria
   166 | D:1      | Reached skill level 5 in Spellcasting
   166 | D:1      | Reached XP level 3. HP: 31/31 MP: 0/9
   171 | D:1      | Learned a level 3 spell: Regeneration
   175 | D:1      | Learned a level 3 spell: Spectral Weapon
   300 | D:3      | Reached skill level 1 in Invocations
   306 | D:3      | Reached skill level 1 in Short Blades
   306 | D:3      | Reached skill level 1 in Long Blades
   306 | D:3      | Reached skill level 1 in Maces & Flails
   306 | D:3      | Reached skill level 1 in Polearms
   306 | D:3      | Reached skill level 1 in Staves
   306 | D:3      | Reached skill level 1 in Slings
   306 | D:3      | Reached skill level 1 in Bows
   306 | D:3      | Reached skill level 1 in Crossbows
   306 | D:3      | Reached skill level 1 in Throwing
   306 | D:3      | Reached skill level 1 in Stealth
   306 | D:3      | Reached skill level 1 in Shields
   306 | D:3      | Reached skill level 1 in Unarmed Combat
   306 | D:3      | Reached skill level 1 in Evocations
   340 | D:2      | Reached XP level 4. HP: 36/38 MP: 1/11
   461 | D:2      | Reached skill level 1 in Conjurations
   461 | D:2      | Reached skill level 1 in Hexes
   461 | D:2      | Reached skill level 1 in Summonings
   461 | D:2      | Reached skill level 1 in Necromancy
   461 | D:2      | Reached skill level 1 in Translocations
   461 | D:2      | Reached skill level 1 in Transmutations
   461 | D:2      | Reached skill level 1 in Fire Magic
   461 | D:2      | Reached skill level 1 in Ice Magic
   461 | D:2      | Reached skill level 1 in Air Magic
   461 | D:2      | Reached skill level 1 in Earth Magic
   461 | D:2      | Reached skill level 1 in Poison Magic
   629 | D:2      | Reached XP level 5. HP: 37/43 MP: 12/12
   799 | D:3      | Found a bloodstained altar of Trog.
   829 | D:4      | Found a blossoming altar of Fedhas.
   835 | D:4      | Noticed a centaur
   856 | D:5      | Entered Level 5 of the Dungeon
   862 | D:5      | Found an iron altar of Okawaru.
   868 | D:5      | Reached skill level 3 in Armour
   904 | D:5      | Found a sparkling altar of Nemelex Xobeh.
   909 | D:5      | Found a shattered altar of Ashenzari.
  1003 | D:5      | Reached XP level 6. HP: 50/50 MP: 7/13
  1006 | D:5      | Reached skill level 2 in Invocations
  1023 | D:5      | Reached skill level 5 in Fighting
  1023 | D:5      | Reached skill level 2 in Short Blades
  1023 | D:5      | Reached skill level 2 in Long Blades
  1023 | D:5      | Reached skill level 5 in Axes
  1023 | D:5      | Reached skill level 2 in Maces & Flails
  1023 | D:5      | Reached skill level 2 in Polearms
  1023 | D:5      | Reached skill level 2 in Staves
  1023 | D:5      | Reached skill level 2 in Slings
  1023 | D:5      | Reached skill level 2 in Bows
  1023 | D:5      | Reached skill level 2 in Crossbows
  1023 | D:5      | Reached skill level 2 in Throwing
  1023 | D:5      | Reached skill level 5 in Dodging
  1023 | D:5      | Reached skill level 2 in Stealth
  1023 | D:5      | Reached skill level 2 in Shields
  1023 | D:5      | Reached skill level 2 in Unarmed Combat
  1023 | D:5      | Reached skill level 2 in Evocations
  1156 | D:5      | Found an opulent altar of Gozag.
  1156 | D:5      | Found a glowing silver altar of Zin.
  1156 | D:5      | Found a snail-covered altar of Cheibriados.
  1166 | D:5      | Became a worshipper of Cheibriados the Contemplative
  1204 | D:6      | Reached XP level 7. HP: 42/56 MP: 11/15
  1452 | D:6      | Reached skill level 2 in Conjurations
  1452 | D:6      | Reached skill level 2 in Hexes
  1452 | D:6      | Reached skill level 2 in Summonings
  1452 | D:6      | Reached skill level 2 in Necromancy
  1452 | D:6      | Reached skill level 2 in Translocations
  1452 | D:6      | Reached skill level 2 in Transmutations
  1452 | D:6      | Reached skill level 2 in Fire Magic
  1452 | D:6      | Reached skill level 2 in Ice Magic
  1452 | D:6      | Reached skill level 2 in Air Magic
  1452 | D:6      | Reached skill level 2 in Earth Magic
  1452 | D:6      | Reached skill level 2 in Poison Magic
  1455 | D:6      | Reached * piety under Cheibriados
  1501 | D:6      | Found a glowing drain.
  1507 | Sewer    | Entered a sewer
  1568 | Sewer    | Reached ** piety under Cheibriados
  1598 | Sewer    | Reached skill level 3 in Invocations
  1698 | Sewer    | Reached skill level 6 in Charms
  1698 | Sewer    | Reached XP level 8. HP: 62/63 MP: 11/16
  1820 | D:7      | Reached skill level 4 in Armour
  1821 | D:7      | Reached skill level 3 in Short Blades
  1821 | D:7      | Reached skill level 3 in Long Blades
  1821 | D:7      | Reached skill level 3 in Maces & Flails
  1821 | D:7      | Reached skill level 3 in Polearms
  1821 | D:7      | Reached skill level 3 in Staves
  1821 | D:7      | Reached skill level 3 in Slings
  1821 | D:7      | Reached skill level 3 in Bows
  1821 | D:7      | Reached skill level 3 in Crossbows
  1821 | D:7      | Reached skill level 3 in Throwing
  1821 | D:7      | Reached skill level 3 in Stealth
  1821 | D:7      | Reached skill level 3 in Shields
  1821 | D:7      | Reached skill level 3 in Unarmed Combat
  1821 | D:7      | Reached skill level 3 in Evocations
  1824 | D:7      | Reached skill level 6 in Spellcasting
  1833 | D:7      | Got a twisted falchion
  1834 | D:7      | Identified the +8 falchion of Poverty {venom, rN+ MR++ Str-4 Stlth+} (You found it on level 7 of the Dungeon)
  1851 | D:7      | Found a deep blue altar of Sif Muna.
  1864 | D:7      | Reached *** piety under Cheibriados
  1992 | D:7      | Reached skill level 4 in Invocations
  2025 | D:7      | Reached skill level 3 in Conjurations
  2025 | D:7      | Reached skill level 3 in Hexes
  2025 | D:7      | Reached skill level 3 in Summonings
  2025 | D:7      | Reached skill level 3 in Necromancy
  2025 | D:7      | Reached skill level 3 in Translocations
  2025 | D:7      | Reached skill level 3 in Transmutations
  2025 | D:7      | Reached skill level 3 in Fire Magic
  2025 | D:7      | Reached skill level 3 in Ice Magic
  2025 | D:7      | Reached skill level 3 in Air Magic
  2025 | D:7      | Reached skill level 3 in Earth Magic
  2025 | D:7      | Reached skill level 3 in Poison Magic
  2027 | D:7      | Found a flagged portal.
  2037 | Bailey   | Entered a bailey
  2065 | Bailey   | Reached **** piety under Cheibriados
  2072 | Bailey   | HP: 3/64 [orc warrior/battleaxe (21)]
  2150 | Bailey   | Reached skill level 6 in Fighting
  2150 | Bailey   | Reached skill level 6 in Axes
  2150 | Bailey   | Reached skill level 6 in Dodging
  2150 | Bailey   | Reached XP level 9. HP: 65/69 MP: 8/18
  2266 | Bailey   | Got an encrusted cloak
  2282 | Bailey   | Identified the cursed +0 cloak of the Sunfish {rPois} (You found it in a bailey)
  2370 | D:9      | Reached skill level 4 in Short Blades
  2370 | D:9      | Reached skill level 4 in Long Blades
  2370 | D:9      | Reached skill level 4 in Maces & Flails
  2370 | D:9      | Reached skill level 4 in Polearms
  2370 | D:9      | Reached skill level 4 in Staves
  2370 | D:9      | Reached skill level 4 in Slings
  2370 | D:9      | Reached skill level 4 in Bows
  2370 | D:9      | Reached skill level 4 in Crossbows
  2370 | D:9      | Reached skill level 4 in Throwing
  2370 | D:9      | Reached skill level 4 in Stealth
  2370 | D:9      | Reached skill level 4 in Shields
  2370 | D:9      | Reached skill level 4 in Unarmed Combat
  2370 | D:9      | Reached skill level 4 in Evocations
  2387 | D:9      | Reached skill level 5 in Armour
  2404 | D:8      | Reached ***** piety under Cheibriados
  2484 | D:9      | Found a shadowy altar of Dithmenos.
  2558 | D:8      | Reached skill level 5 in Invocations
  2598 | D:8      | Found an ancient bone altar of Kikubaaqudgha.
  2697 | D:10     | Entered Level 10 of the Dungeon
  2726 | D:10     | Noticed a two-headed ogre
  2733 | D:10     | Killed a two-headed ogre
  2733 | D:10     | Reached skill level 7 in Spellcasting
  2733 | D:10     | Reached skill level 4 in Conjurations
  2733 | D:10     | Reached skill level 4 in Hexes
  2733 | D:10     | Reached skill level 4 in Summonings
  2733 | D:10     | Reached skill level 4 in Necromancy
  2733 | D:10     | Reached skill level 4 in Translocations
  2733 | D:10     | Reached skill level 4 in Transmutations
  2733 | D:10     | Reached skill level 4 in Fire Magic
  2733 | D:10     | Reached skill level 4 in Ice Magic
  2733 | D:10     | Reached skill level 4 in Air Magic
  2733 | D:10     | Reached skill level 4 in Earth Magic
  2733 | D:10     | Reached skill level 4 in Poison Magic
  2733 | D:10     | Reached XP level 10. HP: 38/77 MP: 16/20
  2746 | D:11     | Found a staircase to the Lair.
  2757 | D:10     | Reached skill level 5 in Short Blades
  2757 | D:10     | Reached skill level 5 in Long Blades
  2757 | D:10     | Reached skill level 5 in Maces & Flails
  2757 | D:10     | Reached skill level 5 in Polearms
  2757 | D:10     | Reached skill level 5 in Staves
  2757 | D:10     | Reached skill level 5 in Slings
  2757 | D:10     | Reached skill level 5 in Bows
  2757 | D:10     | Reached skill level 5 in Crossbows
  2757 | D:10     | Reached skill level 5 in Throwing
  2757 | D:10     | Reached skill level 5 in Stealth
  2757 | D:10     | Reached skill level 5 in Shields
  2757 | D:10     | Reached skill level 5 in Unarmed Combat
  2757 | D:10     | Reached skill level 5 in Evocations
  2781 | D:9      | Noticed Erica
  2794 | D:9      | Killed Erica
  2794 | D:9      | Reached skill level 7 in Fighting
  2794 | D:9      | Reached skill level 7 in Axes
  2794 | D:9      | Reached skill level 7 in Dodging
  2794 | D:9      | Reached skill level 7 in Charms
  2827 | D:9      | Noticed a two-headed ogre
  2832 | D:9      | Killed a two-headed ogre
  2832 | D:9      | Reached skill level 6 in Armour
  2837 | D:9      | Reached skill level 6 in Invocations
  2936 | D:10     | Found Ecviolen's Food Shoppe.
  2981 | D:10     | Found Meho's Jewellery Shoppe.
  2989 | D:10     | Bought an uncursed ring of wizardry for 360 gold pieces
  3015 | D:10     | Found Fidinof's Armour Shoppe.
  3021 | D:10     | Bought a +0 helmet for 45 gold pieces
  3021 | D:10     | Bought a +0 pair of boots for 45 gold pieces
  3107 | D:11     | Reached XP level 11. HP: 77/84 MP: 18/22
  3157 | D:12     | Noticed an eight-headed hydra
  3190 | D:11     | Noticed Sonja
  3203 | D:11     | Killed Sonja
  3234 | D:11     | Noticed a two-headed ogre
  3238 | D:11     | Noticed a two-headed ogre
  3243 | D:11     | Killed a two-headed ogre
  3243 | D:11     | Reached skill level 6 in Short Blades
  3243 | D:11     | Reached skill level 6 in Long Blades
  3243 | D:11     | Reached skill level 6 in Maces & Flails
  3243 | D:11     | Reached skill level 6 in Polearms
  3243 | D:11     | Reached skill level 6 in Staves
  3243 | D:11     | Reached skill level 6 in Slings
  3243 | D:11     | Reached skill level 6 in Bows
  3243 | D:11     | Reached skill level 6 in Crossbows
  3243 | D:11     | Reached skill level 6 in Throwing
  3243 | D:11     | Reached skill level 6 in Stealth
  3243 | D:11     | Reached skill level 6 in Shields
  3243 | D:11     | Reached skill level 6 in Unarmed Combat
  3243 | D:11     | Reached skill level 5 in Conjurations
  3243 | D:11     | Reached skill level 5 in Hexes
  3243 | D:11     | Reached skill level 5 in Summonings
  3243 | D:11     | Reached skill level 5 in Necromancy
  3243 | D:11     | Reached skill level 5 in Translocations
  3243 | D:11     | Reached skill level 5 in Transmutations
  3243 | D:11     | Reached skill level 5 in Fire Magic
  3243 | D:11     | Reached skill level 5 in Ice Magic
  3243 | D:11     | Reached skill level 5 in Air Magic
  3243 | D:11     | Reached skill level 5 in Earth Magic
  3243 | D:11     | Reached skill level 5 in Poison Magic
  3243 | D:11     | Reached skill level 6 in Evocations
  3254 | D:11     | Killed a two-headed ogre
  3254 | D:11     | Reached skill level 8 in Spellcasting
  3305 | D:11     | Noticed Grum
  3319 | D:11     | Killed Grum
  3377 | D:10     | Found Taloth's Weapon Shop.
  3386 | D:10     | Reached ****** piety under Cheibriados
  3428 | D:10     | Reached skill level 7 in Invocations
  3467 | D:10     | Found Tileguce's Gadget Shop.
  3513 | D:11     | Reached skill level 8 in Fighting
  3513 | D:11     | Reached skill level 8 in Axes
  3513 | D:11     | Reached skill level 7 in Armour
  3513 | D:11     | Reached skill level 8 in Dodging
  3531 | D:11     | Noticed an orc knight
  3534 | D:11     | Noticed a two-headed ogre
  3544 | D:11     | Killed a two-headed ogre
  3557 | D:11     | Killed an orc knight
  3562 | D:11     | Reached XP level 12. HP: 46/93 MP: 14/24
  3833 | D:12     | Noticed a two-headed ogre
  3842 | D:12     | Killed a two-headed ogre
  3842 | D:12     | Reached skill level 8 in Charms
  3900 | D:13     | Noticed a seven-headed hydra
  3905 | D:13     | Killed a seven-headed hydra
  3905 | D:13     | Reached skill level 7 in Short Blades
  3905 | D:13     | Reached skill level 7 in Long Blades
  3905 | D:13     | Reached skill level 7 in Maces & Flails
  3905 | D:13     | Reached skill level 7 in Polearms
  3905 | D:13     | Reached skill level 7 in Staves
  3905 | D:13     | Reached skill level 7 in Slings
  3905 | D:13     | Reached skill level 7 in Bows
  3905 | D:13     | Reached skill level 7 in Crossbows
  3905 | D:13     | Reached skill level 7 in Throwing
  3905 | D:13     | Reached skill level 7 in Stealth
  3905 | D:13     | Reached skill level 7 in Shields
  3905 | D:13     | Reached skill level 7 in Unarmed Combat
  3905 | D:13     | Reached skill level 7 in Evocations
  4009 | D:14     | Reached skill level 6 in Conjurations
  4009 | D:14     | Reached skill level 6 in Hexes
  4009 | D:14     | Reached skill level 6 in Summonings
  4009 | D:14     | Reached skill level 6 in Necromancy
  4009 | D:14     | Reached skill level 6 in Translocations
  4009 | D:14     | Reached skill level 6 in Transmutations
  4009 | D:14     | Reached skill level 6 in Fire Magic
  4009 | D:14     | Reached skill level 6 in Ice Magic
  4009 | D:14     | Reached skill level 6 in Air Magic
  4009 | D:14     | Reached skill level 6 in Earth Magic
  4009 | D:14     | Reached skill level 6 in Poison Magic
  4036 | D:14     | Found a frozen archway.
  4053 | D:14     | Reached skill level 8 in Invocations
  4073 | IceCv    | Entered an ice cave
  4129 | IceCv    | Reached skill level 9 in Spellcasting
  4217 | IceCv    | Noticed Kavrick's ghost (journeyman HOFi)
  4226 | IceCv    | Killed Kavrick's ghost
  4226 | IceCv    | Reached skill level 8 in Armour
  4246 | IceCv    | Reached skill level 9 in Fighting
  4246 | IceCv    | Reached skill level 9 in Axes
  4246 | IceCv    | Reached skill level 9 in Dodging
  4291 | IceCv    | Reached XP level 13. HP: 101/101 MP: 21/26
  4481 | IceCv    | Noticed a frost giant
  4485 | IceCv    | Reached skill level 8 in Short Blades
  4485 | IceCv    | Reached skill level 8 in Long Blades
  4485 | IceCv    | Reached skill level 8 in Maces & Flails
  4485 | IceCv    | Reached skill level 8 in Polearms
  4485 | IceCv    | Reached skill level 8 in Staves
  4485 | IceCv    | Reached skill level 8 in Slings
  4485 | IceCv    | Reached skill level 8 in Bows
  4485 | IceCv    | Reached skill level 8 in Crossbows
  4485 | IceCv    | Reached skill level 8 in Throwing
  4485 | IceCv    | Reached skill level 8 in Stealth
  4485 | IceCv    | Reached skill level 8 in Shields
  4485 | IceCv    | Reached skill level 8 in Unarmed Combat
  4485 | IceCv    | Reached skill level 8 in Evocations
  4491 | IceCv    | Killed a frost giant
  4598 | D:15     | Entered Level 15 of the Dungeon
  4598 | D:15     | Noticed a rakshasa
  4645 | D:14     | Reached skill level 9 in Invocations
  4774 | D:15     | Reached skill level 7 in Conjurations
  4774 | D:15     | Reached skill level 7 in Hexes
  4774 | D:15     | Reached skill level 9 in Charms
  4774 | D:15     | Reached skill level 7 in Summonings
  4774 | D:15     | Reached skill level 7 in Necromancy
  4774 | D:15     | Reached skill level 7 in Translocations
  4774 | D:15     | Reached skill level 7 in Transmutations
  4774 | D:15     | Reached skill level 7 in Fire Magic
  4774 | D:15     | Reached skill level 7 in Ice Magic
  4774 | D:15     | Reached skill level 7 in Air Magic
  4774 | D:15     | Reached skill level 7 in Earth Magic
  4774 | D:15     | Reached skill level 7 in Poison Magic
  4842 | D:15     | Killed a rakshasa
  4870 | D:15     | Got a scintillating brass ring
  4872 | D:15     | Identified the ring of Gozag's Condemnation {Str+6 SInv} (You found it on level 15 of the Dungeon)
  4968 | D:14     | Identified Thaumaturgy, Part One
  5028 | D:14     | Reached skill level 9 in Armour
  5127 | D:13     | Reached skill level 10 in Spellcasting
  5130 | D:13     | Reached XP level 14. HP: 86/109 MP: 19/28
  5213 | D:13     | Reached skill level 10 in Fighting
  5213 | D:13     | Reached skill level 10 in Axes
  5213 | D:13     | Reached skill level 10 in Dodging
  5270 | D:13     | Found a gate to the Vaults.
  5500 | D:12     | Got a fine plate armour
  5511 | D:12     | Identified the +7 plate armour "Deapsec" {Str+4 Slay+3} (You found it on level 12 of the Dungeon)
  5570 | D:11     | Found a staircase to the Orcish Mines.
  5580 | D:11     | Identified 2 scrolls of acquirement
  5586 | Orc:1    | Entered Level 1 of the Orcish Mines
  5592 | Orc:1    | Noticed Urug
  5593 | Orc:1    | Reached skill level 9 in Short Blades
  5593 | Orc:1    | Reached skill level 9 in Long Blades
  5593 | Orc:1    | Reached skill level 9 in Maces & Flails
  5593 | Orc:1    | Reached skill level 9 in Polearms
  5593 | Orc:1    | Reached skill level 9 in Staves
  5593 | Orc:1    | Reached skill level 9 in Slings
  5593 | Orc:1    | Reached skill level 9 in Bows
  5593 | Orc:1    | Reached skill level 9 in Crossbows
  5593 | Orc:1    | Reached skill level 9 in Throwing
  5593 | Orc:1    | Reached skill level 9 in Stealth
  5593 | Orc:1    | Reached skill level 9 in Shields
  5593 | Orc:1    | Reached skill level 9 in Unarmed Combat
  5593 | Orc:1    | Reached skill level 9 in Evocations
  5608 | Orc:1    | Killed Urug
  5775 | Orc:1    | Found a roughly hewn altar of Beogh.
  5810 | Orc:2    | Entered Level 2 of the Orcish Mines
  6006 | Orc:2    | Found a staircase to the Elven Halls.
  6015 | Orc:2    | Noticed an orc warlord
  6206 | Orc:2    | Reached skill level 10 in Invocations
  6213 | Orc:2    | Paralysed by an orc sorcerer for 7 turns
  6244 | Orc:2    | Found a radiant altar of Vehumet.
  6245 | Orc:2    | Noticed Erolcha
  6252 | Orc:2    | Killed Erolcha
  6318 | Orc:2    | Found Ixoepouq's Antique Weapon Shop.
  6331 | Orc:2    | Found a roughly hewn altar of Beogh.
  6331 | Orc:2    | Found Raxaoh's Gadget Shop.
  6335 | Orc:2    | Noticed Nergalle
  6341 | Orc:2    | Killed Nergalle
  6345 | Orc:2    | Found Ixtaubra's Magic Scroll Boutique.
  6358 | Orc:2    | Found an ancient bone altar of Kikubaaqudgha.
  6385 | Orc:2    | Found Ulotweme's Gadget Shop.
  6425 | Orc:2    | Bought a scroll of amnesia for 45 gold pieces
  6425 | Orc:2    | Bought a scroll of identify for 26 gold pieces
  6425 | Orc:2    | Bought a scroll of immolation for 45 gold pieces
  6425 | Orc:2    | Bought a scroll of identify for 26 gold pieces
  6425 | Orc:2    | Bought a scroll of magic mapping for 45 gold pieces
  6425 | Orc:2    | Bought a scroll of enchant weapon for 97 gold pieces
  6446 | Orc:2    | Bought a wand of clouds (6/9) for 510 gold pieces
  6446 | Orc:2    | Bought a wand of acid (11/15) for 510 gold pieces
  6509 | Elf:1    | Entered Level 1 of the Elven Halls
  6629 | Elf:1    | Reached skill level 8 in Conjurations
  6629 | Elf:1    | Reached skill level 8 in Hexes
  6629 | Elf:1    | Reached skill level 8 in Summonings
  6629 | Elf:1    | Reached skill level 8 in Necromancy
  6629 | Elf:1    | Reached skill level 8 in Translocations
  6629 | Elf:1    | Reached skill level 8 in Transmutations
  6629 | Elf:1    | Reached skill level 8 in Fire Magic
  6629 | Elf:1    | Reached skill level 8 in Ice Magic
  6629 | Elf:1    | Reached skill level 8 in Air Magic
  6629 | Elf:1    | Reached skill level 8 in Earth Magic
  6629 | Elf:1    | Reached skill level 8 in Poison Magic
  6658 | Elf:1    | Found a radiant altar of Vehumet.
  6662 | Elf:1    | Reached XP level 15. HP: 112/117 MP: 25/29
  6664 | Elf:1    | Found Niajuz's Magic Scroll Shoppe.
  6677 | Elf:1    | Bought a scroll of silence for 105 gold pieces
  6677 | Elf:1    | Bought a scroll of fog for 28 gold pieces
  6677 | Elf:1    | Bought a scroll of enchant weapon for 105 gold pieces
  6677 | Elf:1    | Bought a scroll of identify for 28 gold pieces
  6686 | Elf:2    | Reached skill level 10 in Armour
  6752 | Elf:2    | Reached skill level 11 in Spellcasting
  6758 | Elf:2    | Reached skill level 10 in Charms
  6872 | Elf:1    | Reached skill level 10 in Short Blades
  6872 | Elf:1    | Reached skill level 10 in Long Blades
  6872 | Elf:1    | Reached skill level 10 in Maces & Flails
  6872 | Elf:1    | Reached skill level 10 in Polearms
  6872 | Elf:1    | Reached skill level 10 in Staves
  6872 | Elf:1    | Reached skill level 10 in Slings
  6872 | Elf:1    | Reached skill level 10 in Bows
  6872 | Elf:1    | Reached skill level 10 in Crossbows
  6872 | Elf:1    | Reached skill level 10 in Throwing
  6872 | Elf:1    | Reached skill level 10 in Stealth
  6872 | Elf:1    | Reached skill level 10 in Shields
  6872 | Elf:1    | Reached skill level 10 in Unarmed Combat
  6872 | Elf:1    | Reached skill level 10 in Evocations
  6987 | Elf:1    | Reached skill level 11 in Fighting
  6987 | Elf:1    | Reached skill level 11 in Axes
  6987 | Elf:1    | Reached skill level 11 in Dodging
  7013 | Elf:1    | Reached skill level 11 in Invocations
  7116 | Elf:1    | Identified the Handbook of Creation
  7122 | Elf:1    | Learned a level 1 spell: Summon Butterflies
  7162 | Elf:3    | Entered Level 3 of the Elven Halls
  7190 | Elf:3    | Learned a level 5 spell: Bolt of Magma
  7190 | Elf:3    | Gained mutation: You have a pair of small horns on your head. [potion of mutation]
  7190 | Elf:3    | Gained mutation: You have large cloven feet. [potion of mutation]
  7190 | Elf:3    | Gained mutation: Your muscles are strong. (Str +2) [potion of mutation]
  7240 | Elf:3    | Found Ymup's Distillery.
  7250 | Elf:3    | Reached XP level 16. HP: 70/125 MP: 18/31
  7398 | Elf:3    | Learned a level 4 spell: Animate Dead
  7403 | Elf:3    | Learned a level 4 spell: Control Undead
  7407 | Elf:3    | Found Xiempov's Jewellery Emporium.
  7418 | Elf:3    | Bought the ring of the Mage {Wiz MR++ Int+3} for 1085 gold pieces
  7418 | Elf:3    | Found the ring of the Mage {Wiz MR++ Int+3}
  7662 | Elf:3    | Reached skill level 9 in Conjurations
  7662 | Elf:3    | Reached skill level 9 in Hexes
  7662 | Elf:3    | Reached skill level 9 in Summonings
  7662 | Elf:3    | Reached skill level 9 in Necromancy
  7662 | Elf:3    | Reached skill level 9 in Translocations
  7662 | Elf:3    | Reached skill level 9 in Transmutations
  7662 | Elf:3    | Reached skill level 9 in Fire Magic
  7662 | Elf:3    | Reached skill level 9 in Ice Magic
  7662 | Elf:3    | Reached skill level 9 in Air Magic
  7662 | Elf:3    | Reached skill level 9 in Earth Magic
  7662 | Elf:3    | Reached skill level 9 in Poison Magic
  7707 | Elf:3    | Reached skill level 11 in Armour
  7761 | Elf:3    | Noticed a deep elf master archer
  7773 | Elf:3    | Killed a deep elf master archer
  7840 | Elf:3    | Noticed a deep elf master archer
  7844 | Elf:3    | Killed a deep elf master archer
  7856 | Elf:3    | Noticed a deep elf blademaster
  7857 | Elf:3    | Noticed a deep elf blademaster
  7858 | Elf:3    | Noticed a deep elf blademaster
  7859 | Elf:3    | Noticed a deep elf blademaster
  7861 | Elf:3    | Killed a deep elf blademaster
  7865 | Elf:3    | Killed a deep elf blademaster
  7865 | Elf:3    | Reached skill level 11 in Short Blades
  7865 | Elf:3    | Reached skill level 11 in Long Blades
  7865 | Elf:3    | Reached skill level 11 in Maces & Flails
  7865 | Elf:3    | Reached skill level 11 in Polearms
  7865 | Elf:3    | Reached skill level 11 in Staves
  7865 | Elf:3    | Reached skill level 11 in Slings
  7865 | Elf:3    | Reached skill level 11 in Bows
  7865 | Elf:3    | Reached skill level 11 in Crossbows
  7865 | Elf:3    | Reached skill level 11 in Throwing
  7865 | Elf:3    | Reached skill level 11 in Stealth
  7865 | Elf:3    | Reached skill level 11 in Shields
  7865 | Elf:3    | Reached skill level 11 in Unarmed Combat
  7865 | Elf:3    | Reached skill level 11 in Evocations
  7870 | Elf:3    | Killed a deep elf blademaster
  7871 | Elf:3    | Killed a deep elf blademaster
  7876 | Elf:3    | HP: 7/127 [deep elf death mage/bolt of negative energy (27)]
  7878 | Elf:3    | Killed a ghostly deep elf blademaster
  7878 | Elf:3    | Reached skill level 12 in Spellcasting
  7878 | Elf:3    | Reached XP level 17. HP: 35/133 MP: 19/33
  7879 | Elf:3    | Killed a ghostly deep elf blademaster
  7879 | Elf:3    | Reached skill level 12 in Invocations
  7895 | Elf:3    | Got a pitted turquoise ring
  7900 | Elf:3    | Identified the ring "Wenitis" {rF+ rN+ MP+9 Dex-3} (You took it off a deep elf death mage on level 3 of the Elven Halls)
  7902 | Elf:3    | Got a warped golden ring
  7904 | Elf:3    | Identified the ring "Teneat Xitt" {AC+2 Str+5} (You took it off a deep elf death mage on level 3 of the Elven Halls)
  7914 | Elf:3    | Got a flickering wooden ring
  7916 | Elf:3    | Identified the ring "Jete" {rF+ Slay+4} (You found it on level 3 of the Elven Halls)
  7918 | Elf:3    | Identified the Incunabulum of Evil Orientation
  7921 | Elf:3    | Learned a level 1 spell: Apportation
  7926 | Elf:3    | Learned a level 4 spell: Passage of Golubria
  7951 | Elf:3    | Got a pair of polished boots
  7962 | Elf:3    | Identified the +1 pair of boots of Afriqept {-Tele +Fly Dex+8 Stlth+} (You found it on level 3 of the Elven Halls)
  7975 | Elf:3    | Got a vibrating golden ring
  7977 | Elf:3    | Identified the ring of the Yeti {rPois rF- rC++ Dex+4} (You found it on level 3 of the Elven Halls)
  7978 | Elf:3    | Upgraded the game from 0.21-a0-401-g0b6bec4 to 0.21-a0-404-g291f19a
  7987 | Elf:3    | Learned a level 5 spell: Blade Hands
  7992 | Elf:3    | Learned a level 2 spell: Sticks to Snakes
  8145 | Elf:2    | Found a runed gate.
  8145 | Elf:2    | Found a runed gate.
  8147 | Elf:2    | Found a runed gate.
  8167 | Elf:2    | Reached skill level 12 in Fighting
  8167 | Elf:2    | Reached skill level 12 in Axes
  8167 | Elf:2    | Reached skill level 12 in Dodging
  8244 | Elf:2    | Reached skill level 11 in Charms
  8524 | Lair:1   | Entered Level 1 of the Lair of Beasts
  8800 | Lair:4   | Got a sparkling jade ring
  8802 | Lair:4   | Identified the ring of the Median {*Drain +Blink rElec MP+9 Dex+3} (You found it on level 4 of the Lair of Beasts)
  8910 | Lair:4   | Found a labyrinth entrance.
  8922 | Lab      | Entered a labyrinth
  9314 | Lab      | Got a pitted bronze ring
  9346 | Lab      | Identified the ring "Miread" {*Drain rF+ Slay+6} (You found it in a labyrinth)
  9393 | Lair:4   | Learned a level 1 spell: Animate Skeleton
  9437 | Lair:6   | Entered Level 6 of the Lair of Beasts
  9440 | Lair:6   | Noticed Josephine
  9452 | Lair:6   | Killed Josephine
  9482 | Lair:6   | Found a staircase to the Slime Pits.
  9571 | Lair:6   | Got an ancient ring mail
  9582 | Lair:6   | Identified the +5 ring mail "Sofin" {*Slow rN+ Regen+} (You found it on level 6 of the Lair of Beasts)
  9691 | Lair:6   | Reached skill level 10 in Conjurations
  9691 | Lair:6   | Reached skill level 10 in Hexes
  9691 | Lair:6   | Reached skill level 10 in Summonings
  9691 | Lair:6   | Reached skill level 10 in Necromancy
  9691 | Lair:6   | Reached skill level 10 in Translocations
  9691 | Lair:6   | Reached skill level 10 in Transmutations
  9691 | Lair:6   | Reached skill level 10 in Fire Magic
  9691 | Lair:6   | Reached skill level 10 in Ice Magic
  9691 | Lair:6   | Reached skill level 10 in Air Magic
  9691 | Lair:6   | Reached skill level 10 in Earth Magic
  9691 | Lair:6   | Reached skill level 10 in Poison Magic
  9742 | Lair:6   | Reached XP level 18. HP: 137/141 MP: 34/34
  9770 | Lair:6   | Reached skill level 12 in Armour
 10144 | Lair:4   | Found a staircase to the Swamp.
 10153 | Swamp:1  | Entered Level 1 of the Swamp
 10233 | Swamp:4  | Entered Level 4 of the Swamp
 10359 | Swamp:3  | Reached skill level 12 in Short Blades
 10359 | Swamp:3  | Reached skill level 12 in Long Blades
 10359 | Swamp:3  | Reached skill level 12 in Maces & Flails
 10359 | Swamp:3  | Reached skill level 12 in Polearms
 10359 | Swamp:3  | Reached skill level 12 in Staves
 10359 | Swamp:3  | Reached skill level 12 in Slings
 10359 | Swamp:3  | Reached skill level 12 in Bows
 10359 | Swamp:3  | Reached skill level 12 in Crossbows
 10359 | Swamp:3  | Reached skill level 12 in Throwing
 10359 | Swamp:3  | Reached skill level 12 in Stealth
 10359 | Swamp:3  | Reached skill level 12 in Shields
 10359 | Swamp:3  | Reached skill level 12 in Unarmed Combat
 10359 | Swamp:3  | Reached skill level 12 in Evocations
 10376 | Swamp:4  | Reached skill level 13 in Invocations
 10407 | Swamp:4  | Got a decaying rune of Zot
 10552 | Swamp:4  | Reached skill level 13 in Spellcasting
 10788 | Lair:3   | Found a hole to the Spider Nest.
 10809 | Spider:1 | Entered Level 1 of the Spider Nest
 10825 | Spider:1 | You fall through a shaft!
 10866 | Spider:2 | Reached skill level 13 in Fighting
 10866 | Spider:2 | Reached skill level 13 in Axes
 10866 | Spider:2 | Reached skill level 13 in Dodging
 10932 | Spider:2 | Reached XP level 19. HP: 100/149 MP: 3/36
 11011 | Spider:1 | Noticed Rupert
 11022 | Spider:1 | Killed Rupert
 11242 | Spider:4 | Entered Level 4 of the Spider Nest
 11289 | Spider:3 | Reached skill level 12 in Charms
 11290 | Spider:3 | Noticed theanonym's ghost (adept DEIE)
 11451 | Spider:4 | Reached skill level 13 in Armour
 11459 | Spider:4 | Got a gossamer rune of Zot
 11494 | Spider:4 | Reached skill level 11 in Conjurations
 11494 | Spider:4 | Reached skill level 11 in Hexes
 11494 | Spider:4 | Reached skill level 11 in Summonings
 11494 | Spider:4 | Reached skill level 11 in Necromancy
 11494 | Spider:4 | Reached skill level 11 in Translocations
 11494 | Spider:4 | Reached skill level 11 in Transmutations
 11494 | Spider:4 | Reached skill level 11 in Fire Magic
 11494 | Spider:4 | Reached skill level 11 in Ice Magic
 11494 | Spider:4 | Reached skill level 11 in Air Magic
 11494 | Spider:4 | Reached skill level 11 in Earth Magic
 11494 | Spider:4 | Reached skill level 11 in Poison Magic
 11567 | Spider:4 | Noticed Arachne
 11574 | Spider:4 | Killed Arachne
 11599 | Spider:3 | Killed theanonym's ghost
 11982 | Elf:3    | Bought an uncursed ring of resist corrosion for 420 gold pieces
 12221 | Slime:1  | Entered Level 1 of the Pits of Slime
 12254 | Slime:4  | Reached XP level 20. HP: 124/157 MP: 37/37
 12271 | Slime:5  | Entered Level 5 of the Pits of Slime
 12273 | Slime:5  | Gained mutation: Your spells are a little easier to cast, but a little less powerful. [a shining eye]
 12283 | Slime:5  | Reached skill level 13 in Short Blades
 12283 | Slime:5  | Reached skill level 13 in Long Blades
 12283 | Slime:5  | Reached skill level 13 in Maces & Flails
 12283 | Slime:5  | Reached skill level 13 in Polearms
 12283 | Slime:5  | Reached skill level 13 in Staves
 12283 | Slime:5  | Reached skill level 13 in Slings
 12283 | Slime:5  | Reached skill level 13 in Bows
 12283 | Slime:5  | Reached skill level 13 in Crossbows
 12283 | Slime:5  | Reached skill level 13 in Throwing
 12283 | Slime:5  | Reached skill level 13 in Stealth
 12283 | Slime:5  | Reached skill level 13 in Shields
 12283 | Slime:5  | Reached skill level 13 in Unarmed Combat
 12283 | Slime:5  | Reached skill level 14 in Invocations
 12283 | Slime:5  | Reached skill level 13 in Evocations
 12292 | Slime:5  | Found a viscous altar of Jiyva.
 12314 | Slime:5  | Noticed the Royal Jelly
 12385 | Slime:5  | Found the amulet of Vitality {Regen+ HP+15}
 12449 | Slime:5  | Killed the Royal Jelly
 12451 | Slime:5  | Paralysed by a floating eye for 4 turns
 12510 | Slime:5  | Identified Wunnus's Grimoire of the End
 12517 | Slime:5  | Identified the ring "Xiany" {rCorr -Tele rPois Dex+9 Slay+2} (You found it on level 5 of the Pits of Slime)
 12525 | Slime:5  | Got a slimy rune of Zot
 12544 | Slime:5  | Identified the +8 longbow of the Madman {flame, +Inv rF+ Stlth+} (You found it on level 5 of the Pits of Slime)
 12550 | Slime:5  | Upgraded the game from 0.21-a0-404-g291f19a to 0.21-a0-414-gba8bdf1
 12551 | Slime:5  | Identified the +10 morningstar "Vuoxuid" {venom, *Corrode rElec rPois} (You found it on level 5 of the Pits of Slime)
 12643 | Lair:4   | Reached skill level 14 in Spellcasting
 12797 | D:13     | Learned a level 6 spell: Deflect Missiles
 12799 | Vaults:1 | Entered Level 1 of the Vaults
 12918 | Vaults:1 | Reached skill level 14 in Fighting
 12918 | Vaults:1 | Reached skill level 14 in Axes
 12918 | Vaults:1 | Reached skill level 14 in Dodging
 13209 | Vaults:3 | Reached XP level 21. HP: 165/165 MP: 39/39
 13246 | Vaults:3 | Noticed Jorgrun
 13251 | Vaults:3 | Killed Jorgrun
 13296 | Vaults:3 | Noticed Bai Suzhen
 13304 | Vaults:3 | Found a magical portal.
 13310 | Vaults:3 | Killed Bai Suzhen
 13359 | Vaults:3 | Reached skill level 14 in Armour
 13396 | Vaults:3 | Upgraded the game from 0.21-a0-414-gba8bdf1 to 0.21-a0-417-g0adc95b
 13396 | Vaults:3 | Upgraded the game from 0.21-a0-417-g0adc95b to 0.21-a0-426-g98080a9
 13401 | WizLab   | Entered Cigotuvi's Fleshworks
 13549 | WizLab   | Identified Cigotuvi's Reference Book on Moulding and Black Secrets
 13563 | WizLab   | Learned a level 6 spell: Statue Form
 13612 | WizLab   | Paralysed by a floating eye for 2 turns
 13632 | WizLab   | Got an ancient silver ring
 13633 | WizLab   | Identified the ring of Lelan {rCorr Str+4} (You found it in a wizard's laboratory)
 13653 | WizLab   | Reached skill level 15 in Invocations
 13702 | WizLab   | Reached skill level 12 in Conjurations
 13702 | WizLab   | Reached skill level 12 in Hexes
 13702 | WizLab   | Reached skill level 13 in Charms
 13702 | WizLab   | Reached skill level 12 in Summonings
 13702 | WizLab   | Reached skill level 12 in Necromancy
 13702 | WizLab   | Reached skill level 12 in Translocations
 13702 | WizLab   | Reached skill level 12 in Transmutations
 13702 | WizLab   | Reached skill level 12 in Fire Magic
 13702 | WizLab   | Reached skill level 12 in Ice Magic
 13702 | WizLab   | Reached skill level 12 in Air Magic
 13702 | WizLab   | Reached skill level 12 in Earth Magic
 13702 | WizLab   | Reached skill level 12 in Poison Magic
 13849 | Vaults:4 | Reached skill level 14 in Short Blades
 13849 | Vaults:4 | Reached skill level 14 in Long Blades
 13849 | Vaults:4 | Reached skill level 14 in Maces & Flails
 13849 | Vaults:4 | Reached skill level 14 in Polearms
 13849 | Vaults:4 | Reached skill level 14 in Staves
 13849 | Vaults:4 | Reached skill level 14 in Slings
 13849 | Vaults:4 | Reached skill level 14 in Bows
 13849 | Vaults:4 | Reached skill level 14 in Crossbows
 13849 | Vaults:4 | Reached skill level 14 in Throwing
 13849 | Vaults:4 | Reached skill level 14 in Stealth
 13849 | Vaults:4 | Reached skill level 14 in Shields
 13849 | Vaults:4 | Reached skill level 14 in Unarmed Combat
 13849 | Vaults:4 | Reached skill level 14 in Evocations
 13851 | Vaults:4 | Gained mutation: You are frail. (-10% HP) [mutagenic glow]
 13884 | Vaults:5 | Entered Level 5 of the Vaults
 13925 | Vaults:4 | Reached XP level 22. HP: 68/155 MP: 30/40
 14024 | Vaults:5 | Identified the ring of Oseug {rPois Int+4 SInv} (You found it on level 5 of the Vaults)
 14027 | Vaults:5 | Found the amulet of the Air {Inacc +Fly rElec EV+5 RMsl}
 14080 | Vaults:5 | Reached skill level 15 in Spellcasting
 14127 | Vaults:5 | Noticed a golden dragon
 14141 | Vaults:5 | Killed a golden dragon
 14164 | Vaults:5 | Identified the +6 scale mail of the Unseen Realm {Regen+ Str-4 Dex+8 Stlth+} (You found it on level 5 of the Vaults)
 14211 | Vaults:5 | Reached skill level 15 in Fighting
 14211 | Vaults:5 | Reached skill level 15 in Axes
 14211 | Vaults:5 | Reached skill level 15 in Dodging
 14213 | Vaults:5 | Identified the +1 scale mail of the Blue Moon {rPois rF+ Str+4} (You took it off a vault warden on level 5 of the Vaults)
 14235 | Vaults:5 | Identified the ring of Waenin Sinall {rF+ rC+} (You found it on level 5 of the Vaults)
 14305 | Vaults:5 | Got a silver rune of Zot
 14316 | Vaults:5 | Noticed a golden dragon
 14327 | Vaults:5 | Killed a golden dragon
 14348 | Vaults:5 | Noticed a golden dragon
 14352 | Vaults:5 | Killed a golden dragon
 14430 | Vaults:5 | Reached XP level 23. HP: 106/162 MP: 40/42
 14468 | Vaults:5 | Found the +3 giant club "Skullcrusher" {speed, Str+7}
 14469 | Vaults:5 | Identified Sif Muna's Grimoire of the Escort
 14474 | Vaults:5 | Identified the +2 ring mail of Pycanaro {rF- Str+2 SInv} (You found it on level 5 of the Vaults)
 14509 | Vaults:5 | Noticed a golden dragon
 14515 | Vaults:5 | Killed a golden dragon
 14526 | Vaults:5 | Reached skill level 15 in Armour
 14529 | Vaults:5 | Found Fotiss's Distillery.
 14538 | Vaults:5 | Bought a potion of brilliance for 52 gold pieces
 14538 | Vaults:5 | Bought a potion of might for 52 gold pieces
 14538 | Vaults:5 | Bought a potion of heal wounds for 65 gold pieces
 14549 | Vaults:5 | Found Gozea's Distillery.
 14549 | Vaults:5 | Found Qusu Zim's Distillery.
 14553 | Vaults:5 | Bought a potion of brilliance for 48 gold pieces
 14553 | Vaults:5 | Bought a potion of ambrosia for 96 gold pieces
 14555 | Vaults:5 | Found Etzom's Food Emporium.
 14556 | Vaults:5 | Upgraded the game from 0.21-a0-426-g98080a9 to 0.21-a0-498-g1b60429
 14561 | Vaults:5 | Reached skill level 16 in Invocations
 14582 | Vaults:5 | Found Wuokkaon's Magic Scroll Boutique.
 14586 | Vaults:5 | Bought a scroll of identify for 38 gold pieces
 14586 | Vaults:5 | Bought a scroll of teleportation for 57 gold pieces
 14586 | Vaults:5 | Bought a scroll of identify for 38 gold pieces
 14586 | Vaults:5 | Bought a scroll of magic mapping for 66 gold pieces
 14592 | Vaults:5 | Learned a level 5 spell: Irradiate
 14610 | Vaults:5 | Found Fidulu's Food Shop.
 14610 | Vaults:5 | Found Wudet's Food Shoppe.
 14707 | Vaults:3 | Found a staircase to the Crypt.
 14729 | Crypt:1  | Entered Level 1 of the Crypt
 14916 | Crypt:2  | Reached skill level 15 in Short Blades
 14916 | Crypt:2  | Reached skill level 15 in Long Blades
 14916 | Crypt:2  | Reached skill level 15 in Maces & Flails
 14916 | Crypt:2  | Reached skill level 15 in Polearms
 14916 | Crypt:2  | Reached skill level 15 in Staves
 14916 | Crypt:2  | Reached skill level 15 in Slings
 14916 | Crypt:2  | Reached skill level 15 in Bows
 14916 | Crypt:2  | Reached skill level 15 in Crossbows
 14916 | Crypt:2  | Reached skill level 15 in Throwing
 14916 | Crypt:2  | Reached skill level 15 in Stealth
 14916 | Crypt:2  | Reached skill level 15 in Shields
 14916 | Crypt:2  | Reached skill level 15 in Unarmed Combat
 14916 | Crypt:2  | Reached skill level 15 in Evocations
 14999 | Crypt:3  | Entered Level 3 of the Crypt
 15035 | Crypt:3  | Paralysed by a vampire knight for 4 turns
 15084 | Crypt:3  | Found a staircase to the Tomb.
 15096 | Tomb:1   | Entered Level 1 of the Tomb of the Ancients
 15166 | Tomb:1   | Reached skill level 13 in Conjurations
 15166 | Tomb:1   | Reached skill level 13 in Hexes
 15166 | Tomb:1   | Reached skill level 13 in Summonings
 15166 | Tomb:1   | Reached skill level 13 in Necromancy
 15166 | Tomb:1   | Reached skill level 13 in Translocations
 15166 | Tomb:1   | Reached skill level 13 in Transmutations
 15166 | Tomb:1   | Reached skill level 13 in Fire Magic
 15166 | Tomb:1   | Reached skill level 13 in Ice Magic
 15166 | Tomb:1   | Reached skill level 13 in Air Magic
 15166 | Tomb:1   | Reached skill level 13 in Earth Magic
 15166 | Tomb:1   | Reached skill level 13 in Poison Magic
 15166 | Tomb:1   | Paralysed by a sphinx for 3 turns
 15191 | Tomb:1   | Noticed a greater mummy
 15197 | Tomb:1   | Killed a greater mummy
 15204 | Tomb:1   | Noticed a greater mummy
 15234 | Tomb:1   | Noticed a greater mummy
 15239 | Tomb:1   | Noticed a greater mummy
 15239 | Tomb:1   | Noticed a greater mummy
 15243 | Tomb:1   | Killed a greater mummy
 15251 | Tomb:1   | Killed a greater mummy
 15251 | Tomb:1   | Killed a greater mummy
 15251 | Tomb:1   | Reached skill level 14 in Charms
 15273 | Tomb:1   | Noticed a greater mummy
 15276 | Tomb:1   | Noticed a greater mummy
 15280 | Tomb:1   | Killed a greater mummy
 15285 | Tomb:1   | Killed a greater mummy
 15285 | Tomb:1   | Reached XP level 24. HP: 113/168 MP: 35/42
 15297 | Tomb:1   | Noticed a greater mummy
 15297 | Tomb:1   | Noticed a greater mummy
 15300 | Tomb:1   | Noticed a greater mummy
 15316 | Tomb:1   | Noticed a greater mummy
 15321 | Tomb:1   | Killed a greater mummy
 15355 | Tomb:1   | Killed a greater mummy
 15356 | Tomb:1   | Noticed a greater mummy
 15364 | Tomb:1   | Killed a greater mummy
 15371 | Tomb:1   | Noticed a greater mummy
 15378 | Tomb:1   | Killed a greater mummy
 15378 | Tomb:1   | Reached skill level 16 in Spellcasting
 15381 | Tomb:1   | Killed a greater mummy
 15382 | Tomb:1   | HP: 21/218 [reaper/scythe of venom[a greater mummy's death curse] (25)]
 15442 | Tomb:1   | Killed a greater mummy
 15448 | Tomb:1   | Noticed Jory
 15460 | Tomb:1   | Killed Jory
 15509 | Tomb:1   | Noticed a greater mummy
 15516 | Tomb:1   | Killed a greater mummy
 15516 | Tomb:1   | Reached skill level 16 in Fighting
 15516 | Tomb:1   | Reached skill level 16 in Axes
 15516 | Tomb:1   | Reached skill level 16 in Dodging
 15573 | Tomb:3   | Entered Level 3 of the Tomb of the Ancients
 15585 | Tomb:3   | Noticed an ancient lich
 15588 | Tomb:3   | Noticed a greater mummy
 15588 | Tomb:3   | Killed an ancient lich
 15590 | Tomb:3   | Noticed a greater mummy
 15593 | Tomb:3   | HP: 17/170 [ushabti] (11)]
 15594 | Tomb:3   | HP: 6/170 [ushabti] (9)]
 15595 | Tomb:3   | HP: 2/169 [something (4)]
 15595 | Tomb:3   | Succumbed to poison (dark miasma)

Vault maps used:
D:1:      lightli_arrival_flooded_house
D:2:      first_bread
D:3:      lemuel_upstairs_altar
D:4:      fedhas_bush_and_centaur_altar, hangedman_decor_push
D:5:      kennysheep_mini_moat, ashenzari_altar_1, grunt_temple_overflow_open,
          temple_hall_moat, basic_altar
D:6:      gup_sewer_entry_bubbles
D:7:      overflow_temple_1_default, enter_bailey_2
D:8:      kiku_gazebo_garden_becter, kennysheep_mini
D:9:      grunt_dithmenos_smoke, uniq_erica
D:10:     serial_shops, shop, shop_statue, shop_fountains, shop,
          nicolae_shop_trees
D:11:     minmay_lair_entry_lava, orc_0_dummy, uniq_sonja, uniq_grum
D:13:     hangedman_vaults_entry_quadrant_bands
D:14:     portal_ice_cave_entry_ice_beasts, columned_hall_lemuel,
          hangedman_fish_farm, kennysheep_crisscross
D:15:     grunt_enter_depths_snipers, minivault_27, uniq_agnes
Lair:2:   grunt_megastairs_3, uniq_harold
Lair:3:   spider_nest_entry_funnel_web, grunt_megastairs_1, lemuel_fruit_tree
Lair:4:   minmay_swamp_entry_swarm, lab_entry_generic,
          minmay_lair_oklob_chamber, infiniplex_staircase_pool_2,
          grunt_megastairs_2
Lair:6:   minmay_lair_end_enchanted_forest, nicolae_slime_entry_slimehenge,
          ice2_lemuel, infiniplex_staircase_pool, uniq_josephine
Swamp:1:  nicolae_swamp_very_dense_foliage
Swamp:2:  hangedman_swamp_pad, swamp_pool5
Swamp:3:  nicolae_swamp_fairy_circle
Swamp:4:  swamp, swamp_pool1
Spider:1: uniq_rupert, uniq_aizul
Spider:3: nicolae_spider_circle_web
Spider:4: guppyfry_spider_rune, uniq_arachne
Slime:3:  cheibrodos_slime_lost_civilization_9
Slime:4:  basic_altar, uniq_dissolution
Orc:1:    basic_altar, uniq_urug
Orc:2:    kennysheep_orc_mage_school
Elf:1:    eino_elf_arrival_the_gate, basic_altar, serial_shops,
          nicolae_shop_crystal, minmay_elf_demonology
Elf:3:    minmay_elf_hall_statues, serial_shops, shop, nicolae_shop_trees,
          basic_stair_grate_trap, uniq_roxanne
Vaults:1: v_misc_12, grunt_vaults_swirl, vaults_mumra_minichess,
          nicolae_vaults_murderbox, nicolae_vaults_network_square,
          nicolae_vaults_network_periphery, v_misc_12,
          hangedman_vaults_corner_blocks, nicolae_vaults_specimen_jars
Vaults:2: v_misc_30, vaults_room_pools, v_pattern_5, v_alt_pattern_1,
          st_hourglassy, vaults_room_boxed, vaults_room_corners,
          nicolae_vaults_stairing_the_circle, v_alt_pattern_6,
          vaults_room_ringed_pool, enter_trove_6, serial_shops, shop, uniq_mara
Vaults:3: st_quartered_hall, vaults_room_fancy_cross,
          minmay_crypt_entry_simple_statues, v_misc_16, v_misc_1,
          hangedman_vaults_variations, v_alt_pattern_3, vaults_mumra_hex,
          v_alt_pattern_1, v_misc_29, nicolae_vaults_windows_and_doors_thing,
          v_misc_5, vaults_dpeg_diagonal, v_misc_8, grunt_vaults_hallway_short,
          serial_shops, shop, mu_enter_wizlab_4, uniq_bai_suzhen, uniq_jorgrun
Vaults:4: v_misc_15, nicolae_vaults_ring_of_whatevers, vaults_standard_mumra_x,
          st_cells, serial_ice_g, ontoclasm_vaults_loading_screen,
          vaults_room_door_ring
Crypt:1:  uniq_xtahua, uniq_sojobo
Crypt:3:  due_elkab, nicolae_tomb_entry_rubble_hallway
Tomb:1:   uniq_jory
Lab:      labyrinth_mini_lab, nicolae_lab_grate
Sewer:    kennysheep_pipe_town
Bailey:   bailey_axe_4, bailey
IceCv:    ice_cave_caverns_01
WizLab:   wizlab_cigotuvi

Skill      XL: |  1  2  3  4  5  6  7  8  9 10 11 12 13 14 15 16 17 18 19 20 21 22 23 24 |
---------------+-------------------------------------------------------------------------+-----
Spellcasting   | 5 6 7 8 9 10 11 12 13 14 15 16 | 16.1
Invocations    | 1 2 3 4 5 6 7 8 9 10 11 12 13 14 15 16 | 16.7
Short Blades   | 1 2 3 4 5 6 7 8 9 10 11 12 13 14 15 | 15.5
Long Blades    | 1 2 3 4 5 6 7 8 9 10 11 12 13 14 15 | 15.5
Maces & Flails | 1 2 3 4 5 6 7 8 9 10 11 12 13 14 15 | 15.5
Polearms       | 1 2 3 4 5 6 7 8 9 10 11 12 13 14 15 | 15.5
Staves         | 1 2 3 4 5 6 7 8 9 10 11 12 13 14 15 | 15.5
Slings         | 1 2 3 4 5 6 7 8 9 10 11 12 13 14 15 | 15.5
Bows           | 1 2 3 4 5 6 7 8 9 10 11 12 13 14 15 | 15.5
Crossbows      | 1 2 3 4 5 6 7 8 9 10 11 12 13 14 15 | 15.5
Throwing       | 1 2 3 4 5 6 7 8 9 10 11 12 13 14 15 | 15.5
Stealth        | 1 2 3 4 5 6 7 8 9 10 11 12 13 14 15 | 15.5
Shields        | 1 2 3 4 5 6 7 8 9 10 11 12 13 14 15 | 15.5
Unarmed Combat | 1 2 3 4 5 6 7 8 9 10 11 12 13 14 15 | 15.5
Evocations     | 1 2 3 4 5 6 7 8 9 10 11 12 13 14 15 | 15.5
Conjurations   | 1 2 3 4 5 6 7 8 9 10 11 12 13 | 13.4
Hexes          | 1 2 3 4 5 6 7 8 9 10 11 12 13 | 13.4
Summonings     | 1 2 3 4 5 6 7 8 9 10 11 12 13 | 13.4
Necromancy     | 1 2 3 4 5 6 7 8 9 10 11 12 13 | 13.4
Translocations | 1 2 3 4 5 6 7 8 9 10 11 12 13 | 13.4
Transmutations | 1 2 3 4 5 6 7 8 9 10 11 12 13 | 13.4
Fire Magic     | 1 2 3 4 5 6 7 8 9 10 11 12 13 | 13.4
Ice Magic      | 1 2 3 4 5 6 7 8 9 10 11 12 13 | 13.4
Air Magic      | 1 2 3 4 5 6 7 8 9 10 11 12 13 | 13.4
Earth Magic    | 1 2 3 4 5 6 7 8 9 10 11 12 13 | 13.4
Poison Magic   | 1 2 3 4 5 6 7 8 9 10 11 12 13 | 13.4
Armour         | 3 4 5 6 7 8 9 10 11 12 13 14 15 | 15.7
Fighting       | 5 6 7 8 9 10 11 12 13 14 15 16 | 16.0
Axes           | 5 6 7 8 9 10 11 12 13 14 15 16 | 16.0
Dodging        | 5 6 7 8 9 10 11 12 13 14 15 16 | 16.0
Charms         | 6 7 8 9 10 11 12 13 14 | 14.2

Action                   |  1- 3 |  4- 6 |  7- 9 | 10-12 | 13-15 | 16-18 | 19-21 | 22-24 || total
-------------------------+-------+-------+-------+-------+-------+-------+-------+-------++-------
Melee: Hand axe          |    74 |     4 |    68 |       |       |       |       |       ||   146
       Bite              |     5 |    11 |    27 |    81 |   119 |   104 |   145 |   106 ||   598
       Quarterstaff      |       |   100 |    46 |       |       |       |       |       ||   146
       Falchion          |       |       |    48 |    66 |     2 |       |       |       ||   116
       Broad axe         |       |       |    35 |   228 |   493 |   150 |       |       ||   906
       Punch             |       |       |     2 |    13 |    34 |       |       |       ||    49
       Headbutt          |       |       |       |       |     2 |   212 |   310 |   184 ||   708
       War axe           |       |       |       |       |       |   390 |   588 |   345 ||  1323
       Unarmed           |       |       |       |       |       |    15 |       |       ||    15
       Morningstar       |       |       |       |       |       |       |   141 |    76 ||   217
       Kick              |       |       |       |       |       |       |    12 |    41 ||    53
 Fire: Blowgun           |       |       |       |       |       |     5 |     7 |       ||    12
Throw: Tomahawk          |       |       |    28 |     9 |    52 |   104 |    42 |    11 ||   246
       Stone             |       |       |     3 |       |       |       |       |       ||     3
 Cast: Infusion          |     3 |       |     1 |       |       |       |       |       ||     4
       Spectral Weapon   |     4 |    11 |    35 |    43 |    60 |    99 |    85 |    49 ||   386
       Regeneration      |       |     1 |     8 |    16 |    33 |    32 |    24 |    30 ||   144
       Shroud of Golubri |       |     1 |     2 |     4 |     6 |    10 |     3 |       ||    26
       Song of Slaying   |       |       |    13 |    18 |    24 |     5 |    13 |     7 ||    80
       Bolt of Magma     |       |       |       |       |     1 |       |     8 |     4 ||    13
       Summon Butterflie |       |       |       |       |       |     3 |       |       ||     3
       Apportation       |       |       |       |       |       |    90 |   122 |    29 ||   241
       Passage of Golubr |       |       |       |       |       |   103 |   174 |    49 ||   326
       Animate Skeleton  |       |       |       |       |       |     5 |       |     1 ||     6
       Blade Hands       |       |       |       |       |       |     1 |       |       ||     1
       Animate Dead      |       |       |       |       |       |     1 |     6 |     8 ||    15
       Deflect Missiles  |       |       |       |       |       |       |     1 |     2 ||     3
       Statue Form       |       |       |       |       |       |       |     2 |     7 ||     9
       Sticks to Snakes  |       |       |       |       |       |       |       |    10 ||    10
       Control Undead    |       |       |       |       |       |       |       |    38 ||    38
       Irradiate         |       |       |       |       |       |       |       |     2 ||     2
Invok: Bend Time         |       |       |     1 |     3 |    13 |       |     1 |       ||    18
       Slouch            |       |       |     1 |     2 |    18 |     4 |     4 |     9 ||    38
       Temporal Distorti |       |       |       |       |     2 |     3 |       |       ||     5
       Step From Time    |       |       |       |       |       |     1 |       |       ||     1
 Abil: Evoke Flight      |       |       |     2 |       |       |       |       |       ||     2
       End Transformatio |       |       |       |       |       |     1 |       |       ||     1
Evoke: Wand              |       |       |       |    10 |    26 |    28 |    23 |    12 ||    99
       Lamp of fire      |       |       |       |       |     1 |     2 |     1 |     2 ||     6
       Lightning rod     |       |       |       |       |     8 |     4 |     5 |     3 ||    20
       Phial of floods   |       |       |       |       |       |       |       |     1 ||     1
       Phantom mirror    |       |       |       |       |       |       |       |     1 ||     1
  Use: Scroll            |     5 |     4 |     4 |     6 |    12 |    15 |    22 |    22 ||    90
       Potion            |       |       |     3 |     1 |     8 |     6 |     4 |     1 ||    23
 Stab: Distracted        |       |       |     4 |     8 |    11 |    19 |    20 |    16 ||    78
       Sleeping          |       |       |     4 |     4 |     1 |     1 |     4 |       ||    14
       Confused          |       |       |       |     2 |       |     1 |       |       ||     3
       Invisible         |       |       |       |       |       |     4 |       |       ||     4
       Paralysed         |       |       |       |       |       |     3 |       |       ||     3
  Eat: Chunk             |       |     2 |     4 |     6 |     2 |     3 |       |       ||    17
       Royal jelly       |       |       |     1 |     1 |       |     2 |       |       ||     4
       Bread ration      |       |       |       |       |     1 |     2 |       |       ||     3
       Meat ration       |       |       |       |       |     1 |     1 |     3 |     1 ||     6
       Fruit             |       |       |       |       |       |       |     1 |     4 ||     5
Armor: Leather armour    |     2 |       |       |       |       |       |       |       ||     2
       Ring mail         |    22 |    42 |    89 |   103 |    75 |       |       |       ||   331
       Plate armour      |       |       |       |       |   123 |   306 |   181 |    96 ||   706
       Skin              |       |       |       |       |       |       |    12 |    54 ||    66
Dodge: Dodged            |    42 |    84 |   222 |   506 |   745 |   522 |   424 |   336 ||  2881
       Deflected         |       |       |       |       |       |       |    12 |    15 ||    27
Block: Buckler           |       |       |       |       |    47 |   165 |       |       ||   212
       Large shield      |       |       |       |       |       |   370 |   974 |   768 ||  2112
       Rpst.: Falchion   |       |       |    13 |    17 |     1 |       |       |       ||    31

Table legend:
 A = Spawn XP
 B = Non-spawn XP
 C = Spawn XP percentage of total XP
 D = Spawn monster count
 E = Non-spawn monster count
 F = Spawn count percentage of total count
 G = Total turns spent on level
                    A         B        C        D         E        F      G
               +---------+---------+-------+---------+---------+-------+---------
         Total |       0 |  901233 |   0.0 |       0 |    1793 |   0.0 | 15595
               +---------+---------+-------+---------+---------+-------+---------
           D:1 |       0 |      54 |   0.0 |       0 |      31 |   0.0 |   333
           D:2 |       0 |      85 |   0.0 |       0 |      19 |   0.0 |   294
           D:3 |       0 |      35 |   0.0 |       0 |       9 |   0.0 |   103
           D:4 |       0 |      13 |   0.0 |       0 |       4 |   0.0 |   184
           D:5 |       0 |     380 |   0.0 |       0 |      10 |   0.0 |   272
           D:6 |       0 |     474 |   0.0 |       0 |      30 |   0.0 |   432
           D:7 |       0 |     901 |   0.0 |       0 |      19 |   0.0 |   235
           D:8 |       0 |     991 |   0.0 |       0 |      21 |   0.0 |   268
           D:9 |       0 |    4021 |   0.0 |       0 |      19 |   0.0 |   280
          D:10 |       0 |    1937 |   0.0 |       0 |      17 |   0.0 |   370
          D:11 |       0 |    9531 |   0.0 |       0 |      74 |   0.0 |   584
          D:12 |       0 |    3060 |   0.0 |       0 |      17 |   0.0 |   376
          D:13 |       0 |   11505 |   0.0 |       0 |      43 |   0.0 |   347
          D:14 |       0 |    7587 |   0.0 |       0 |      35 |   0.0 |   448
          D:15 |       0 |    7057 |   0.0 |       0 |      19 |   0.0 |   228
        Lair:1 |       0 |    1835 |   0.0 |       0 |      12 |   0.0 |   196
        Lair:2 |       0 |    6369 |   0.0 |       0 |      28 |   0.0 |   233
        Lair:3 |       0 |    3454 |   0.0 |       0 |      10 |   0.0 |   181
        Lair:4 |       0 |    6138 |   0.0 |       0 |      19 |   0.0 |   309
        Lair:5 |       0 |    3605 |   0.0 |       0 |      12 |   0.0 |   149
        Lair:6 |       0 |   23123 |   0.0 |       0 |     108 |   0.0 |   560
       Swamp:1 |       0 |   10297 |   0.0 |       0 |      20 |   0.0 |   105
       Swamp:2 |       0 |    3545 |   0.0 |       0 |      10 |   0.0 |    79
       Swamp:3 |       0 |   10885 |   0.0 |       0 |      25 |   0.0 |   177
       Swamp:4 |       0 |   25202 |   0.0 |       0 |      50 |   0.0 |   242
      Spider:1 |       0 |   17233 |   0.0 |       0 |      50 |   0.0 |   241
      Spider:2 |       0 |   22844 |   0.0 |       0 |      58 |   0.0 |   251
      Spider:3 |       0 |   10659 |   0.0 |       0 |      28 |   0.0 |   109
      Spider:4 |       0 |   36493 |   0.0 |       0 |      81 |   0.0 |   342
       Slime:1 |       0 |    2330 |   0.0 |       0 |       6 |   0.0 |    22
       Slime:4 |       0 |    3848 |   0.0 |       0 |       5 |   0.0 |    33
       Slime:5 |       0 |   38728 |   0.0 |       0 |      30 |   0.0 |   299
         Orc:1 |       0 |    4083 |   0.0 |       0 |      44 |   0.0 |   300
         Orc:2 |       0 |   11921 |   0.0 |       0 |      70 |   0.0 |   736
         Elf:1 |       0 |   28770 |   0.0 |       0 |      48 |   0.0 |   619
         Elf:2 |       0 |   53799 |   0.0 |       0 |      82 |   0.0 |   666
         Elf:3 |       0 |   52981 |   0.0 |       0 |      44 |   0.0 |   810
      Vaults:1 |       0 |   25047 |   0.0 |       0 |      51 |   0.0 |   248
      Vaults:2 |       0 |     877 |   0.0 |       0 |       5 |   0.0 |    24
      Vaults:3 |       0 |   81153 |   0.0 |       0 |      91 |   0.0 |   436
      Vaults:4 |       0 |   38130 |   0.0 |       0 |      58 |   0.0 |   163
      Vaults:5 |       0 |  143485 |   0.0 |       0 |     113 |   0.0 |   691
       Crypt:1 |       0 |    9116 |   0.0 |       0 |      12 |   0.0 |    99
       Crypt:2 |       0 |    8431 |   0.0 |       0 |      10 |   0.0 |   171
       Crypt:3 |       0 |   11514 |   0.0 |       0 |      13 |   0.0 |    97
        Tomb:1 |       0 |   96446 |   0.0 |       0 |      35 |   0.0 |   429
        Tomb:2 |       0 |    4994 |   0.0 |       0 |      11 |   0.0 |    48
        Tomb:3 |       0 |   14274 |   0.0 |       0 |      28 |   0.0 |    22
           Lab |       0 |    1065 |   0.0 |       0 |       1 |   0.0 |   438
         Sewer |       0 |     326 |   0.0 |       0 |      24 |   0.0 |   210
        Bailey |       0 |     588 |   0.0 |       0 |      25 |   0.0 |   247
         IceCv |       0 |   14527 |   0.0 |       0 |      56 |   0.0 |   468
        WizLab |       0 |   25487 |   0.0 |       0 |      53 |   0.0 |   368
               +---------+---------+-------+---------+---------+-------+---------

Table legend:
 A = Turns spent in this place as a percentage of turns spent in the entire game.
 B = Non-inter-level travel turns spent in this place as a percentage of non-inter-level travel turns spent in the entire game.
 C = Inter-level travel turns spent in this place as a percentage of turns spent in this place.
 D = Turns resting spent in this place as a percentage of non-inter-level travel turns spent in this place.
 E = Turns spent auto-exploring this place as a percentage of non-inter-level travel turns spent in this place.
 F = Non-inter-level travel turns spent in this place divided by the number of levels of this place that you've seen.
                   A       B       C       D       E      F
               +-------+-------+-------+-------+-------+----------------------
         Total | 100.0 | 100.0 |   0.5 |   0.0 |   0.0 | 282.0
       Dungeon |  30.5 |  30.5 |   0.4 |   0.1 |   0.0 | 315.7
          Lair |  10.4 |  10.5 |   0.0 |   0.0 |   0.0 | 271.3
         Swamp |   3.9 |   3.9 |   0.0 |   0.0 |   0.0 | 150.8
   Spider Nest |   6.0 |   6.1 |   0.0 |   0.0 |   0.0 | 235.8
    Slime Pits |   2.4 |   2.4 |   0.0 |   0.0 |   0.0 |  75.4
  Orcish Mines |   6.6 |   6.3 |   6.3 |   0.0 |   0.0 | 485.5
   Elven Halls |  13.4 |  13.5 |   0.0 |   0.0 |   0.0 | 698.3
        Vaults |  10.0 |  10.1 |   0.0 |   0.1 |   0.0 | 312.4
         Crypt |   2.4 |   2.4 |   0.0 |   0.0 |   0.0 | 122.3
          Tomb |   3.2 |   3.2 |   0.0 |   0.0 |   0.0 | 166.3
     Labyrinth |   2.8 |   2.8 |   0.0 |   0.0 |   0.0 | 438.0
         Sewer |   1.3 |   1.4 |   0.0 |   0.0 |   0.0 | 210.0
        Bailey |   1.6 |   1.6 |   0.0 |   0.0 |   0.0 | 247.0
      Ice Cave |   3.0 |   3.0 |   0.0 |   0.0 |   0.0 | 468.0
        Wizlab |   2.4 |   2.4 |   0.0 |   0.0 |   0.0 | 368.0
               +-------+-------+-------+-------+-------+----------------------

Table legend:
 A = Kills in this place as a percentage of kills in entire the game.
 B = Kills by you in this place as a percentage of kills by you in the entire game.
 C = Kills by friends in this place as a percentage of kills by friends in the entire game.
 D = Other kills in this place as a percentage of other kills in the entire game.
 E = Experience gained in this place as a percentage of experience gained in the entire game.
 F = Experience gained in this place divided by the number of levels of this place that you have seen.
                   A       B       C       D       E      F
               +-------+-------+-------+-------+-------+----------------------
         Total | 100.0 | 100.0 | 100.0 | 100.0 | 100.0 | 16386.1
       Dungeon |  20.5 |  21.5 |   0.0 |  18.2 |   5.3 | 3175.4
          Lair |  10.5 |  11.0 |   2.3 |   0.0 |   4.9 | 7420.7
         Swamp |   5.9 |   6.0 |   3.5 |   0.0 |   5.5 | 12482.2
   Spider Nest |  12.1 |  10.8 |  39.5 |   0.0 |   9.7 | 21807.2
    Slime Pits |   2.3 |   2.4 |   0.0 |   0.0 |   5.0 | 8981.2
  Orcish Mines |   6.4 |   6.5 |   2.3 |   9.1 |   1.8 | 8002.0
   Elven Halls |   9.7 |  10.3 |   0.0 |   0.0 |  15.0 | 45183.3
        Vaults |  17.7 |  18.3 |   8.1 |   0.0 |  32.0 | 57738.4
         Crypt |   2.0 |   1.8 |   4.7 |   9.1 |   3.2 | 9687.0
          Tomb |   4.1 |   1.9 |  39.5 |  63.6 |  12.8 | 38571.3
     Labyrinth |   0.1 |   0.1 |   0.0 |   0.0 |   0.1 | 1065.0
         Sewer |   1.3 |   1.4 |   0.0 |   0.0 |   0.0 | 326.0
        Bailey |   1.4 |   1.5 |   0.0 |   0.0 |   0.1 | 588.0
      Ice Cave |   3.1 |   3.3 |   0.0 |   0.0 |   1.6 | 14527.0
        Wizlab |   3.0 |   3.1 |   0.0 |   0.0 |   2.8 | 25487.0
               +-------+-------+-------+-------+-------+----------------------

Vault maps used:
D:1:      lightli_arrival_flooded_house
D:2:      first_bread
D:3:      lemuel_upstairs_altar
D:4:      fedhas_bush_and_centaur_altar, hangedman_decor_push
D:5:      kennysheep_mini_moat, ashenzari_altar_1, grunt_temple_overflow_open,
          temple_hall_moat, basic_altar
D:6:      gup_sewer_entry_bubbles
D:7:      overflow_temple_1_default, enter_bailey_2
D:8:      kiku_gazebo_garden_becter, kennysheep_mini
D:9:      grunt_dithmenos_smoke, uniq_erica
D:10:     serial_shops, shop, shop_statue, shop_fountains, shop,
          nicolae_shop_trees
D:11:     minmay_lair_entry_lava, orc_0_dummy, uniq_sonja, uniq_grum
D:13:     hangedman_vaults_entry_quadrant_bands
D:14:     portal_ice_cave_entry_ice_beasts, columned_hall_lemuel,
          hangedman_fish_farm, kennysheep_crisscross
D:15:     grunt_enter_depths_snipers, minivault_27, uniq_agnes
Lair:2:   grunt_megastairs_3, uniq_harold
Lair:3:   spider_nest_entry_funnel_web, grunt_megastairs_1, lemuel_fruit_tree
Lair:4:   minmay_swamp_entry_swarm, lab_entry_generic,
          minmay_lair_oklob_chamber, infiniplex_staircase_pool_2,
          grunt_megastairs_2
Lair:6:   minmay_lair_end_enchanted_forest, nicolae_slime_entry_slimehenge,
          ice2_lemuel, infiniplex_staircase_pool, uniq_josephine
Swamp:1:  nicolae_swamp_very_dense_foliage
Swamp:2:  hangedman_swamp_pad, swamp_pool5
Swamp:3:  nicolae_swamp_fairy_circle
Swamp:4:  swamp, swamp_pool1
Spider:1: uniq_rupert, uniq_aizul
Spider:3: nicolae_spider_circle_web
Spider:4: guppyfry_spider_rune, uniq_arachne
Slime:3:  cheibrodos_slime_lost_civilization_9
Slime:4:  basic_altar, uniq_dissolution
Orc:1:    basic_altar, uniq_urug
Orc:2:    kennysheep_orc_mage_school
Elf:1:    eino_elf_arrival_the_gate, basic_altar, serial_shops,
          nicolae_shop_crystal, minmay_elf_demonology
Elf:3:    minmay_elf_hall_statues, serial_shops, shop, nicolae_shop_trees,
          basic_stair_grate_trap, uniq_roxanne
Vaults:1: v_misc_12, grunt_vaults_swirl, vaults_mumra_minichess,
          nicolae_vaults_murderbox, nicolae_vaults_network_square,
          nicolae_vaults_network_periphery, v_misc_12,
          hangedman_vaults_corner_blocks, nicolae_vaults_specimen_jars
Vaults:2: v_misc_30, vaults_room_pools, v_pattern_5, v_alt_pattern_1,
          st_hourglassy, vaults_room_boxed, vaults_room_corners,
          nicolae_vaults_stairing_the_circle, v_alt_pattern_6,
          vaults_room_ringed_pool, enter_trove_6, serial_shops, shop, uniq_mara
Vaults:3: st_quartered_hall, vaults_room_fancy_cross,
          minmay_crypt_entry_simple_statues, v_misc_16, v_misc_1,
          hangedman_vaults_variations, v_alt_pattern_3, vaults_mumra_hex,
          v_alt_pattern_1, v_misc_29, nicolae_vaults_windows_and_doors_thing,
          v_misc_5, vaults_dpeg_diagonal, v_misc_8, grunt_vaults_hallway_short,
          serial_shops, shop, mu_enter_wizlab_4, uniq_bai_suzhen, uniq_jorgrun
Vaults:4: v_misc_15, nicolae_vaults_ring_of_whatevers, vaults_standard_mumra_x,
          st_cells, serial_ice_g, ontoclasm_vaults_loading_screen,
          vaults_room_door_ring
Crypt:1:  uniq_xtahua, uniq_sojobo
Crypt:3:  due_elkab, nicolae_tomb_entry_rubble_hallway
Tomb:1:   uniq_jory
Lab:      labyrinth_mini_lab, nicolae_lab_grate
Sewer:    kennysheep_pipe_town
Bailey:   bailey_axe_4, bailey
IceCv:    ice_cave_caverns_01
WizLab:   wizlab_cigotuvi
